 Dungeon Crawl Stone Soup version 0.29.1 (webtiles) character file.

Game seed: 12184096213149638357

275869 qw the Peltast (level 20, -32/137 HPs)
             Began as a Gargoyle Fighter on Sept 13, 2022.
             Was a High Priest of Okawaru.
             Killed from afar by Nikola (50 damage)
             ... with an arc of chain lightning
             ... on level 3 of the Vaults.
             The game lasted 00:19:20 (37574 turns).

qw the Peltast (Gargoyle Fighter)                  Turns: 37574, Time: 00:19:21

Health: -32/137    AC: 57    Str: 33    XL:     20   Next: 76%
Magic:  26/27      EV: 12    Int: 10    God:    Okawaru [*****.]
Gold:   527        SH: 29    Dex:  9    Spells: 19/19 levels left

rFire   + . .      SeeInvis .   f - +6 war axe (vamp)
rCold   + . .      Faith    .   v - +2 tower shield
rNeg    + . .      Spirit   .   I - +4 plate armour {rF+}
rPois   inf        Reflect  +   C - +0 helmet
rElec   +          Harm     .   t - +2 cloak
rCorr   .          Rampage  .   D - +2 pair of gloves
Will    +....                   g - +2 pair of boots
Stlth   ..........              q - amulet of reflection
HPRegen 0.32/turn               r - ring of Damyezat {rC+ Str+5 Slay+4}
MPRegen 0.20/turn               l - +4 ring of protection

@: about to teleport, heroic, flying
A: sickness immunity, AC +15, big wings, negative energy resistance 1,
electricity resistance, torment resistance 1, petrification resistance
}: 1/15 runes: decaying
a: Renounce Religion, Heroism, Finesse, Duel


You were on level 3 of the Vaults.
You worshipped Okawaru.
Okawaru was extremely pleased with you.
You visited 6 branches of the dungeon, and saw 32 of its levels.
You visited the Abyss 1 time.
You visited 1 bazaar.
You also visited: Sewer.

You collected 3524 gold pieces.
You spent 2997 gold pieces at shops.


Innate Abilities, Weirdness & Mutations

You are immune to sickness and miasma.
Your stone body is resilient. (AC +15)
You are immune to poison.
Your large and strong wings let you fly.
You resist negative energy. (rN+)
You are resistant to electric shocks. (rElec)
You are resistant to unholy torment.
You are immune to petrification.


   Skills:
 + Level 18.9(23.9) Fighting
 - Level 16.0(21.0) Axes
 - Level 10.0(15.0) Throwing
 - Level 18.0(23.0) Armour
 - Level 5.0(10.0) Dodging
 - Level 20.0(25.0) Shields
 - Level 10.0 Invocations


You had 19 spell levels left.
You didn't know any spells.
Your spell library was empty.

Inventory:

Hand Weapons
 f - a +6 vampiric war axe (weapon)
 j - the +7 broad axe of Devotion {venom, rCorr}
   (Okawaru gifted it to you on level 3 of the Snake Pit)

   It poisons the flesh of those it strikes.
   rCorr:     It protects you from acid and corrosion.
Missiles
 i - 2 silver boomerangs
 m - 22 boomerangs
 B - a silver javelin (quivered)
 G - a javelin
Armour
 g - a +2 pair of boots (worn)
 t - a +2 cloak (worn)
 u - the +0 ring mail of Free Expression {Will- rCorr Dex+2}
   (You bought it in a shop on level 6 of the Dungeon)

   Dex:       It affects your dexterity (+2).
   rCorr:     It protects you from acid and corrosion.
   Will:      It decreases your willpower.
 v - a +2 tower shield (worn)
 A - a +10 plate armour of ponderousness
 C - a +0 helmet (worn)
 D - a +2 pair of gloves (worn)
 H - a scarf of shadows
 I - a +4 plate armour of fire resistance (worn)
 J - the +0 plate armour of Dim Light {rPois rN+ Regen+}
   (Okawaru gifted it to you on level 3 of the Vaults)

   rPois:     It protects you from poison.
   rN:        It protects you from negative energy.
   Regen:     It increases your rate of health regeneration.
 K - a scarf of resistance
 L - a +2 plate armour of cold resistance
Jewellery
 a - a ring of resist corrosion
 l - a +4 ring of protection (right hand)
 n - a ring of resist corrosion
 q - an amulet of reflection (around neck)
 r - the ring of Damyezat (left hand) {rC+ Str+5 Slay+4}
   (You found it on level 9 of the Dungeon)

   [ring of slaying]

   Str:       It affects your strength (+5).
   Slay:      It affects your accuracy & damage with ranged weapons and melee
   (+4).
   rC:        It protects you from cold.
 y - a ring of protection from cold
 F - a ring of protection from fire
Scrolls
 h - 8 scrolls of identify
 w - 9 scrolls of blinking
 x - 19 scrolls of teleportation
Potions
 b - 6 potions of lignification
 c - 6 potions of mutation
 d - 6 potions of might
 e - 28 potions of curing
 k - 7 potions of heal wounds
 o - 3 potions of cancellation
 p - 6 potions of resistance
 s - 8 potions of haste
 z - 2 potions of magic
 E - 4 potions of attraction

Dungeon Overview and Level Annotations

Branches:
Dungeon (15/15)            Temple (0/1) D:7            Lair (5/5) D:11
  Swamp (4/4) Lair:2        Snake (3/4) Lair:3        Slime (0/5) Lair:5
    Orc (2/2) D:10            Elf (0/3) Orc:2        Vaults (3/5) D:13
  Crypt (0/3) Vaults:2     Depths (0/4) D:15          Sewer (visited)

Altars:
Ashenzari
Dithmenos
Elyvilon
Fedhas
Makhleb
Okawaru
Qazlal
Trog
Uskayaw
Vehumet
Xom
Yredelemnul
The Shining One
Jiyva

Shops:
D:2 (   D:3 :   D:5 :   D:6 ?:[[=   D:11 [*:([   D:14 [   Orc:2 [[*(:
Snake:2 !*(   Snake:3 (   Vaults:3 *

Annotations:
D:5 Dowan
D:10 5 runed translucent doors
D:11 2 transporters
D:15 3 runed translucent doors, Jussuw Iff's ghost, adept KoGl
Swamp:3 3 runed translucent doors, contendunt's ghost, adept MiFi; qw's ghost, adept MiBe
Snake:1 3 runed translucent doors, qw's ghost, journeyman MiBe
Snake:3 2 transporters, Litua's ghost, journeyman MiBe
Vaults:1 2 runed translucent doors, qw's ghost, adept MiBe
Vaults:2 36 runed doors
Vaults:3 Nikola


Message History

You hit Nikola but do no damage.
Nikola casts a spell.
Lightning arcs from Nikola's hands!
The bolt of lightning hits you!!! You resist.
A bolt of lightning appears from out of thin air!
The bolt of lightning hits Nikola.
37566 ||| INVOKING Heroism.
You gain the combat prowess of a mighty hero.
You block Nikola's attack.
You slash Nikola!
You feel better.
Nikola is moderately wounded.
You hit Nikola but do no damage.
Nikola is moderately wounded.
Nikola points at you and mumbles some strange words.
The bolt of lightning hits you! You resist.
You slash Nikola!
You feel better.
Nikola is heavily wounded.
You block Nikola's attack.
You slice Nikola!!
Nikola is heavily wounded.
Nikola hits you with a +3 rapier of electrocution.
You hit Nikola.
Nikola is heavily wounded.
You block Nikola's attack.
You slice Nikola!!
You feel better.
Nikola is severely wounded.
You closely miss Nikola.
Nikola is severely wounded.
Nikola gestures wildly while chanting.
Lightning arcs from Nikola's hands!
The bolt of lightning hits you!!! You resist.
A bolt of lightning appears from out of thin air!
The bolt of lightning hits Nikola!
37574 ||| READING 20 scrolls of teleportation.
As you read the scroll of teleportation, it crumbles to dust.
You feel strangely unstable.
Nikola gestures wildly while chanting.
Lightning arcs from Nikola's hands!
The bolt of lightning hits you!!! You resist.
You die...

####....####........#....
#.###..###.#^.......#....
#..##..###.#...<....#....
#......#...#........'...?
#......'...#........'....
#..###'##..#........#....
#.###..###.'........#####
####...[#############
#....@@# ##''#### .....
....... ...@... .......
>...... (@.....


You could see Nikola.

Vanquished Creatures
  Frederick (Vaults:3)
  Jorgrun (Orc:2)
  Rupert (Lair:5)
  A lich (Abyss:3)
  Kirke (D:14)
  A tentacled starspawn (Abyss:2)
  A storm dragon (Vaults:3)
  3 thorn hunters
  Agnes (D:15)
  Donald (Vaults:3)
  Roxanne (Snake:1)
  A fenstrider witch (Swamp:4)
  7 orc warlords
  A fire giant (Vaults:2)
  Aizul (Snake:1)
  9 vault wardens
  12 ironbound preservers
  2 war gargoyles (Vaults:3)
  4 ironbound thunderhulks
  11 very ugly things
  4 eleionomae
  2 vampire knights (Swamp:4)
  4 dire elephants (Vaults:1)
  5 bunyips
  Snorg (Lair:4)
  2 crystal guardians (Vaults:3)
  An ettin (Orc:2)
  A green death (Abyss:3)
  2 shambling mangroves (Swamp:4)
  3 yaktaur captains
  4 vault guards
  3 great orbs of eyes
  3 fire dragons
  19 hydras
  An ice dragon (D:15)
  3 peacekeepers
  A salamander tyrant (Snake:3)
  7 boulder beetles
  13 centaur warriors
  2 ghost crabs
  8 anacondas
  2 catoblepae (Lair:3)
  8 ironbound frosthearts
  A death knight (D:14)
  7 naga warriors
  A death yak (Lair:3)
  8 two-headed ogres
  11 alligators
  4 naga sharpshooters
  3 orc high priests (Orc:2)
  3 shock serpents
  3 thrashing horrors
  2 wretched stars
  A fire crab (Lair:3)
  Amaemon (Lair:2)
  3 goliath frogs
  A glowing orange brain (Abyss:2)
  7 skeletal warriors
  2 flayed ghosts (Swamp:4)
  6 swamp dragons
  35 deep trolls
  2 spriggan druids (Swamp:4)
  A naga ritualist (Snake:3)
  2 phantasmal warriors (Swamp:4)
  3 bog bodies
  5 spectral hydras (Swamp:4)
  14 orc knights
  2 necromancers
  8 wizards
  8 lindwurms
  12 ironbound convokers
  A deep elf zephyrmancer (D:9)
  A tengu skeleton (Vaults:2)
  Pikel (D:5)
  8 harpies
  4 will-o-the-wisps
  A wolf spider (Lair:5)
  6 mana vipers
  7 orc sorcerers (Orc:2)
  A deep elf pyromancer (D:15)
  7 cyclopes
  16 ugly things
  3 oklob plants (Swamp:4)
  7 salamanders
  5 manticores
  Maurice (D:8)
  16 vault sentinels
  3 guardian serpents
  A frost giant skeleton (Vaults:2)
  12 elephants
  An apocalypse crab (Abyss:3)
  33 black mambas
  4 gargoyles
  2 torpor snails
  2 smoke demons
  An elf skeleton (Vaults:2)
  6 naga magi
  2 orange demons
  23 cane toads
  A rime drake (shapeshifter) (D:10)
  3 unseen horrors
  A freezing wraith (D:14)
  2 kobold demonologists (D:12)
  5 rime drakes
  19 yaktaurs
  An efreet (D:13)
  9 komodo dragons
  2 hydra zombies (Swamp:4)
  2 polar bears
  An ancient zyme (Abyss:2)
  A troll (shapeshifter) (D:14)
  3 death drake zombies (Swamp:4)
  9 trolls
  14 tyrant leeches
  A bloated husk (Swamp:2)
  2 hydra skeletons (Swamp:4)
  A polar bear (shapeshifter) (D:11)
  11 hornets
  45 slime creatures
  21 blink frogs
  5 dream sheep
  A human simulacrum (Vaults:3)
  A centaur simulacrum (D:15)
  A water elemental (D:14)
  7 spriggans
  A spriggan (shapeshifter) (Vaults:1)
  A shadow (D:11)
  3 vampires (Vaults:2)
  20 humans
  46 yaks
  2 redbacks (Lair:5)
  4 wraiths
  11 wyverns
  6 basilisks
  An unseen horror simulacrum (D:9)
  3 hogs (D:14)
  A large abomination (Abyss:2)
  9 vampire mosquitoes
  A steam dragon (Lair:5)
  A warg (Orc:1)
  A glowing shapeshifter zombie (Vaults:2)
  An acid dragon (Lair:5)
  32 nagas
  22 water moccasins
  16 swamp worms
  Duvessa (D:5)
  A hydra simulacrum (Swamp:4)
  5 ice beasts
  43 orc warriors
  4 black bears
  9 swamp drakes
  2 human zombies (Vaults:3)
  A sky beast (D:8)
  9 wolves
  14 centaurs
  5 ogres
  9 kobold brigands
  8 scorpions
  14 bullfrogs
  2 necrophages
  12 wights
  4 small abominations
  6 killer bees (D:8)
  2 howler monkeys (D:9)
  A vampire bat (Lair:1)
  6 electric eels
  4 jellies
  A quasit (Abyss:2)
  2 hounds (D:7)
  26 orc priests
  A gnoll bouda (D:4)
  10 iguanas
  A hell rat (Sewer)
  Natasha (twice) (D:2)
  25 orc wizards
  Terence (D:2)
  7 gnolls
  4 river rats
  11 adders
  4 white imps
  An ufetubus (D:5)
  3 dart slugs
  114 orcs
  7 endoplasms
  3 giant cockroaches
  10 goblins
  4 hobgoblins
  5 jackals
  3 quokkas
  6 ball pythons
  18 bats
  A frilled lizard (D:1)
  24 kobolds
  16 rats
  10 briar patches
  A starspawn tentacle (Abyss:2)
1325 creatures vanquished.

Vanquished Creatures (others)
  A vampire knight (Vaults:2)
  An ogre mage (Vaults:2)
  A salamander (Snake:3)
  A bloated husk (Swamp:2)
  A centaur (D:15)
  6 foxfires
  58 fungi
  92 plants
  2 starspawn tentacles (Abyss:2)
  A withered plant (Swamp:3)
164 creatures vanquished.

Grand Total: 1489 creatures vanquished

Notes
Turn   | Place    | Note
-------+----------+-------------------------------------------
     0 | D:1      | qw the Gargoyle Fighter began the quest for the Orb.
     0 | D:1      | Reached XP level 1. HP: 14/14 MP: 1/1
     0 | D:1      | 0 ||| qw: Version: 0.1-a-119-g272c26d
     0 | D:1      | 0 ||| qw: Game counter: 11226
     0 | D:1      | 0 ||| qw: Always use a shield: true
     0 | D:1      | 0 ||| qw: God list: Okawaru
     0 | D:1      | 0 ||| qw: Allow faded altars: false
     0 | D:1      | 0 ||| qw: Do Orc after D:15 true
     0 | D:1      | 0 ||| qw: Do second Lair branch before Depths: true
     0 | D:1      | 0 ||| qw: Lair rune preference: random
     0 | D:1      | 0 ||| qw: Plans: Normal, Zot, God:TSO, Crypt, Tomb, Pan,
                  | Slime, Hells, Zig, Abyss, Orb
     0 | D:1      | 0 ||| PLANNING D:1-11
   253 | D:1      | Reached XP level 2. HP: 16/19 MP: 2/2
   292 | D:1      | 292 ||| DROPPING +0 club.
   808 | D:1      | Found a faded altar of an unknown god.
   986 | D:1      | 986 ||| UPGRADING to +0 kite shield.
   996 | D:1      | 996 ||| DROPPING +0 buckler.
   997 | D:1      | 997 ||| UPGRADING to +4 ring of protection.
   998 | D:1      | 998 ||| UPGRADING to ring of protection from cold.
   999 | D:1      | 999 ||| READING scroll labelled VEUKLIN LUNEN.
  1000 | D:1      | 1000 ||| READING scroll labelled WAACRE TIECAQU.
  1016 | D:2      | Noticed Natasha
  1029 | D:2      | Noticed a crimson imp
  1030 | D:2      | Noticed a crimson imp
  1031 | D:2      | Killed Natasha
  1032 | D:2      | Reached skill level 3 in Axes
  1032 | D:2      | Reached XP level 3. HP: 10/23 MP: 3/3
  1215 | D:2      | Noticed Terence
  1223 | D:2      | Killed Terence
  1224 | D:2      | Reached XP level 4. HP: 28/28 MP: 4/4
  1266 | D:2      | 1266 ||| DROPPING +0 whip.
  1276 | D:2      | 1276 ||| Stepping ~*~*~tactically~*~*~ (stealth).
  1289 | D:2      | Reached skill level 4 in Shields
  1521 | D:2      | 1521 ||| Stepping ~*~*~tactically~*~*~ (stealth).
  1561 | D:2      | Noticed Natasha
  1562 | D:2      | 1562 ||| Stepping ~*~*~tactically~*~*~ (stealth).
  1564 | D:2      | 1564 ||| Stepping ~*~*~tactically~*~*~ (stealth).
  1566 | D:2      | 1566 ||| Stepping ~*~*~tactically~*~*~ (stealth).
  1584 | D:2      | Killed Natasha
  1585 | D:2      | Reached XP level 5. HP: 18/32 MP: 5/5
  1758 | D:2      | Found Gites's Weapon Boutique.
  2043 | D:2      | 2043 ||| DROPPING scarf of harm.
  2044 | D:2      | 2044 ||| DROPPING ring of wizardry.
  2045 | D:2      | 2045 ||| READING scroll labelled BEM JIOSELI.
  2046 | D:2      | 2046 ||| READING scroll labelled RUIPLE UGGEL.
  2050 | D:2      | 2050 ||| DRINKING 3 grey potions.
  2084 | D:3      | 2084 ||| PLANNING SEWER
  2187 | D:3      | 2187 ||| SWAPPING to +0 war axe of venom.
  2188 | D:3      | 2188 ||| DROPPING +0 war axe.
  2204 | D:3      | Found Viathun's Vocational Training.
  2379 | D:3      | 2379 ||| Stepping ~*~*~tactically~*~*~ (stealth).
  2531 | D:3      | Found a glowing drain.
  2535 | D:3      | 2535 ||| FLEEEEING.
  2545 | D:3      | 2545 ||| UPGRADING to +0 chain mail.
  2555 | D:3      | 2555 ||| DROPPING +0 scale mail.
  2556 | D:3      | 2556 ||| READING scroll labelled PUCRUA CUFOCS.
  2572 | Sewer    | Entered a sewer
  2622 | Sewer    | Reached skill level 5 in Shields
  2698 | Sewer    | Reached XP level 6. HP: 28/37 MP: 6/6
  2718 | Sewer    | 2718 ||| Stepping ~*~*~tactically~*~*~ (stealth).
  2829 | Sewer    | 2829 ||| DROPPING +6 ring of intelligence.
  2830 | Sewer    | 2830 ||| READING scroll labelled JIPSIKHLIELL.
  2831 | Sewer    | 2831 ||| READING scroll labelled RUHITE IHAORYRR.
  2832 | Sewer    | 2832 ||| READING scroll labelled BUKOIR NOIRA KOH.
  2833 | Sewer    | 2833 ||| READING scroll labelled WONEWO DOIMO.
  2841 | D:3      | 2841 ||| PLANNING D:1-11
  3222 | D:4      | 3222 ||| Stepping ~*~*~tactically~*~*~ (stealth).
  3333 | D:4      | 3333 ||| Stepping ~*~*~tactically~*~*~ (stealth).
  3500 | D:4      | 3500 ||| Stepping ~*~*~tactically~*~*~ (stealth).
  3644 | D:4      | Reached XP level 7. HP: 43/43 MP: 7/7
  3681 | D:4      | 3681 ||| READING 2 scrolls labelled NEDEIQ EMP.
  3682 | D:4      | 3682 ||| READING 2 scrolls of identify.
  3682 | D:4      | 3682 ||| IDENTIFYING murky white potion
  3683 | D:4      | 3683 ||| DROPPING scroll of magic mapping.
  3700 | D:5      | Entered Level 5 of the Dungeon
  3716 | D:5      | 3716 ||| Stepping ~*~*~tactically~*~*~ (stealth).
  3717 | D:5      | 3717 ||| Stepping ~*~*~tactically~*~*~ (stealth).
  3788 | D:5      | 3788 ||| FLEEEEING.
  3806 | D:5      | Reached skill level 6 in Axes
  3808 | D:5      | Noticed Dowan
  3811 | D:5      | Noticed Pikel
  3815 | D:5      | Reached skill level 6 in Shields
  3816 | D:5      | Noticed Duvessa
  3822 | D:5      | Killed Pikel
  3823 | D:5      | Reached XP level 8. HP: 13/48 MP: 8/8
  3823 | D:5      | HP: 9/48 [Dowan/+0 dagger (4)]
  3824 | D:5      | 3824 ||| READING scroll of teleportation.
  3825 | D:5      | HP: 4/48 [constriction (2)]
  3832 | D:5      | Killed Duvessa
  4015 | D:5      | 4015 ||| FLEEEEING.
  4021 | D:5      | 4021 ||| STAIRDANCE
  4107 | D:4      | 4107 ||| UPGRADING to +0 cloak.
  4249 | D:5      | Found Ubudori's Book Shoppe.
  4357 | D:5      | Found a white marble altar of Elyvilon.
  4753 | D:5      | 4753 ||| UPGRADING to +2 cloak.
  4763 | D:5      | 4763 ||| DROPPING +0 cloak.
  4764 | D:5      | 4764 ||| DROPPING ring of magical power.
  4765 | D:5      | 4765 ||| READING scroll labelled REBYBL QAVUGY.
  4766 | D:5      | 4766 ||| READING scroll labelled JACKIPNIYPH.
  4767 | D:5      | 4767 ||| READING scroll labelled HOJIENNENK.
  5016 | D:6      | Found Sesin's Armour Boutique.
  5030 | D:6      | 5030 ||| BUYING +0 pair of gloves (54 gold).
  5030 | D:6      | Bought a +0 pair of gloves for 54 gold pieces
  5030 | D:6      | 5030 ||| BUYING +0 ring mail of Free Expression {Will-
                  | rCorr Dex+2} (199 gold).
  5030 | D:6      | Bought the +0 ring mail of Free Expression {Will- rCorr
                  | Dex+2} for 199 gold pieces
  5030 | D:6      | 5030 ||| SHOPLISTING +2 helmet of intelligence (258 gold,
                  | have 23).
  5030 | D:6      | 5030 ||| SHOPLISTING +2 pair of boots of flying (258 gold,
                  | have 23).
  5065 | D:6      | Found a hide-covered altar of Uskayaw.
  5094 | D:6      | Found Nazye's Jewellery Emporium.
  5103 | D:6      | 5103 ||| SHOPLISTING +4 ring of protection (468 gold, have
                  | 23).
  5103 | D:6      | 5103 ||| SHOPLISTING +6 ring of strength (468 gold, have
                  | 23).
  5103 | D:6      | 5103 ||| SHOPLISTING amulet "Vigous" {Reflect -Tele Harm
                  | Rampage SH+5 Stlth+} (426 gold, have 23).
  5103 | D:6      | 5103 ||| SHOPLISTING amulet of reflection (390 gold, have
                  | 23).
  5103 | D:6      | 5103 ||| SHOPLISTING ring of Ititix {rPois Will+ MP+9} (478
                  | gold, have 23).
  5103 | D:6      | 5103 ||| SHOPLISTING ring of fire (325 gold, have 23).
  5103 | D:6      | 5103 ||| SHOPLISTING ring of protection from cold (325
                  | gold, have 23).
  5103 | D:6      | 5103 ||| SHOPLISTING ring of see invisible (195 gold, have
                  | 23).
  5258 | D:6      | Found Gezxex's Book Shop.
  5364 | D:6      | Found Qirousch's Antique Armour Emporium.
  5372 | D:6      | 5372 ||| SHOPLISTING buzzing scale mail (270 gold, have
                  | 46).
  5372 | D:6      | 5372 ||| SHOPLISTING pair of embroidered gloves (225 gold,
                  | have 46).
  5372 | D:6      | 5372 ||| SHOPLISTING runed helmet (225 gold, have 46).
  5372 | D:6      | 5372 ||| SHOPLISTING shiny chain mail (225 gold, have 46).
  5501 | D:6      | Found Xoff's Magic Scroll Boutique.
  5505 | D:6      | 5505 ||| BUYING scroll of teleportation (42 gold).
  5505 | D:6      | Bought a scroll of teleportation for 42 gold pieces
  5726 | D:6      | 5726 ||| UPGRADING to +0 pair of gloves.
  5731 | D:6      | 5731 ||| DRINKING 2 metallic golden potions.
  5732 | D:6      | 5732 ||| READING 2 scrolls of identify.
  5732 | D:6      | 5732 ||| IDENTIFYING glowing silvery potion
  5733 | D:6      | 5733 ||| DROPPING potion of degeneration.
  5752 | D:7      | Reached XP level 9. HP: 52/52 MP: 9/9
  5781 | D:7      | 5781 ||| Stepping ~*~*~tactically~*~*~ (hiding).
  5798 | D:7      | 5798 ||| Stepping ~*~*~tactically~*~*~ (stealth).
  5823 | D:7      | Found a burning altar of Makhleb.
  5981 | D:7      | Found a stormy altar of Qazlal.
  5991 | D:7      | Reached skill level 7 in Shields
  6035 | D:7      | Found a staircase to the Ecumenical Temple.
  6213 | D:7      | 6213 ||| Stepping ~*~*~tactically~*~*~ (stealth).
  6218 | D:7      | 6218 ||| Stepping ~*~*~tactically~*~*~ (stealth).
  6339 | D:7      | 6339 ||| Stepping ~*~*~tactically~*~*~ (stealth).
  6341 | D:7      | 6341 ||| Stepping ~*~*~tactically~*~*~ (stealth).
  6366 | D:7      | 6366 ||| SWAPPING to +2 vampiric hand axe.
  6389 | D:7      | 6389 ||| Stepping ~*~*~tactically~*~*~ (stealth).
  6578 | D:7      | 6578 ||| Stepping ~*~*~tactically~*~*~ (stealth).
  6618 | D:7      | Reached skill level 6 in Fighting
  6675 | D:7      | 6675 ||| DROPPING +0 morningstar.
  6694 | D:7      | 6694 ||| READING scroll of enchant weapon.
  6694 | D:7      | 6694 ||| ENCHANTING +2 vampiric hand axe.
  6887 | D:7      | 6887 ||| UPGRADING to amulet of guardian spirit.
  6892 | D:7      | 6892 ||| DRINKING 2 clear potions.
  6951 | D:8      | Reached skill level 8 in Shields
  7072 | D:8      | Reached XP level 10. HP: 60/60 MP: 10/10
  7187 | D:8      | 7187 ||| Stepping ~*~*~tactically~*~*~ (stealth).
  7198 | D:8      | Reached skill level 9 in Axes
  7355 | D:8      | 7355 ||| SWAPPING to +2 vampiric war axe.
  7356 | D:8      | 7356 ||| DROPPING +3 vampiric hand axe.
  7357 | D:8      | 7357 ||| DROPPING +1 war axe of venom.
  7374 | D:8      | 7374 ||| Stepping ~*~*~tactically~*~*~ (stealth).
  7411 | D:8      | 7411 ||| READING scroll of enchant weapon.
  7411 | D:8      | 7411 ||| ENCHANTING +2 vampiric war axe.
  7458 | D:8      | Noticed Maurice
  7464 | D:8      | Paralysed by Maurice for 2 turns
  7468 | D:8      | Paralysed by Maurice for 5 turns
  7473 | D:8      | Killed Maurice
  7591 | D:8      | 7591 ||| Stepping ~*~*~tactically~*~*~ (stealth).
  7600 | D:8      | 7600 ||| Stepping ~*~*~tactically~*~*~ (hiding).
  7686 | D:8      | Identified the +3 ring mail "Avvu" {Regen+}
  8140 | D:8      | 8140 ||| DROPPING +3 ring mail "Avvu" {Regen+}.
  8141 | D:8      | 8141 ||| READING scroll labelled YFUASAE BAED.
  8142 | D:8      | 8142 ||| DRINKING 2 coppery potions.
  8143 | D:8      | 8143 ||| READING 4 scrolls of identify.
  8143 | D:8      | 8143 ||| IDENTIFYING fuming brown potion
  8144 | D:8      | 8144 ||| READING 3 scrolls of identify.
  8144 | D:8      | 8144 ||| IDENTIFYING lumpy orange potion
  8145 | D:8      | 8145 ||| DROPPING potion of invisibility.
  8146 | D:8      | 8146 ||| DROPPING potion of flight.
  8147 | D:8      | 8147 ||| DROPPING potion of ambrosia.
  8175 | D:9      | 8175 ||| Stepping ~*~*~tactically~*~*~ (stealth).
  8179 | D:9      | 8179 ||| STAIRDANCE
  8207 | D:9      | Reached skill level 9 in Shields
  8213 | D:9      | HP: 15/63 [troll (8)]
  8214 | D:9      | 8214 ||| READING 5 scrolls of teleportation.
  8215 | D:9      | 8215 ||| DRINKING 2 potions of heal wounds.
  8216 | D:9      | Found a shimmering altar of Xom.
  8217 | D:9      | 8217 ||| Stepping ~*~*~tactically~*~*~ (stealth).
  8221 | D:9      | Noticed a two-headed ogre
  8231 | D:9      | 8231 ||| Stepping ~*~*~tactically~*~*~ (stealth).
  8236 | D:9      | Killed a two-headed ogre
  8237 | D:9      | 8237 ||| Stepping ~*~*~tactically~*~*~ (stealth).
  8240 | D:9      | 8240 ||| Stepping ~*~*~tactically~*~*~ (stealth).
  8402 | D:9      | Reached XP level 11. HP: 57/68 MP: 8/11
  8411 | D:9      | Reached skill level 6 in Armour
  8447 | D:9      | 8447 ||| Stepping ~*~*~tactically~*~*~ (stealth).
  8448 | D:9      | 8448 ||| Stepping ~*~*~tactically~*~*~ (stealth).
  8534 | D:9      | Found a broken altar of Ashenzari.
  8542 | D:9      | Identified the ring of Damyezat {rC+ Str+5 Slay+4}
  8586 | D:9      | Found an iron altar of Okawaru.
  8932 | D:9      | Found a radiant altar of Vehumet.
  8984 | D:9      | 8984 ||| READING scroll of enchant weapon.
  8984 | D:9      | 8984 ||| ENCHANTING +3 vampiric war axe.
  8986 | D:9      | Noticed a deep elf zephyrmancer
  8997 | D:9      | Killed a deep elf zephyrmancer
  8998 | D:9      | Reached skill level 3 in Throwing
  9220 | D:9      | 9220 ||| DROPPING ring of ice.
  9221 | D:9      | 9221 ||| UPGRADING to ring of Damyezat {rC+ Str+5 Slay+4}.
  9223 | D:9      | 9223 ||| UPGRADING to +4 ring of protection.
  9225 | D:9      | 9225 ||| READING 2 scrolls of identify.
  9225 | D:9      | 9225 ||| IDENTIFYING fuming clear potion
  9275 | D:9      | Became a worshipper of Warmaster Okawaru
  9276 | D:9      | 9276 ||| REMOVING amulet of guardian spirit.
  9281 | D:9      | 9281 ||| DROPPING amulet of guardian spirit.
  9340 | D:10     | Entered Level 10 of the Dungeon
  9344 | D:10     | 9344 ||| STAIRDANCE
  9352 | D:10     | 9352 ||| STAIRDANCE
  9358 | D:10     | 9358 ||| STAIRDANCE
  9371 | D:10     | 9371 ||| STAIRDANCE
  9562 | D:10     | Found the +9 staff of Olgreb {rPois∞}
  9565 | D:10     | Found a runed translucent door.
  9581 | D:10     | Found a runed translucent gate.
  9581 | D:10     | Found a runed translucent gate.
  9581 | D:10     | Noticed a wolf spider
  9581 | D:10     | Noticed a wolf spider
  9582 | D:10     | Found a runed translucent door.
  9695 | D:10     | Found a runed translucent gate.
  9697 | D:10     | Noticed a wolf spider
  9715 | D:10     | Reached * piety under Okawaru
  9736 | D:10     | 9736 ||| READING 7 scrolls of teleportation.
  9800 | D:10     | Found a flagged portal.
  9800 | D:10     | Noticed a two-headed ogre
  9801 | D:10     | Noticed a two-headed ogre
  9801 | D:10     | 9801 ||| INVOKING Heroism.
  9807 | D:10     | Killed a two-headed ogre
  9808 | D:10     | Reached skill level 10 in Shields
  9812 | D:10     | Killed a two-headed ogre
  9858 | D:10     | Noticed a two-headed ogre
  9859 | D:10     | 9859 ||| INVOKING Heroism.
  9864 | D:10     | Killed a two-headed ogre
  9865 | D:10     | Reached skill level 3 in Invocations
  9977 | D:10     | Found a shadowy altar of Dithmenos.
 10046 | D:10     | Found a staircase to the Orcish Mines.
 10218 | D:11     | Found a staircase to the Lair.
 10219 | D:11     | Noticed a boulder beetle
 10221 | D:11     | 10221 ||| INVOKING Heroism.
 10236 | D:11     | Killed a boulder beetle
 10236 | D:11     | Reached ** piety under Okawaru
 10388 | D:11     | 10388 ||| INVOKING Heroism.
 10390 | D:11     | Reached skill level 9 in Fighting
 10390 | D:11     | 10390 ||| Stepping ~*~*~tactically~*~*~ (hiding).
 10418 | D:11     | 10418 ||| INVOKING Heroism.
 10443 | D:11     | 10443 ||| Stepping ~*~*~tactically~*~*~ (hiding).
 10449 | D:11     | 10449 ||| INVOKING Heroism.
 10463 | D:11     | Reached XP level 12. HP: 65/76 MP: 13/15
 10463 | D:11     | Found Punezuc's Antique Armour Boutique.
 10478 | D:11     | 10478 ||| INVOKING Heroism.
 10650 | D:11     | 10650 ||| Stepping ~*~*~tactically~*~*~ (stealth).
 10663 | D:11     | 10663 ||| Stepping ~*~*~tactically~*~*~ (stealth).
 10680 | D:11     | 10680 ||| Stepping ~*~*~tactically~*~*~ (stealth).
 10687 | D:11     | 10687 ||| INVOKING Heroism.
 10692 | D:11     | Reached skill level 12 in Axes
 10802 | D:11     | Found Jumiuc's Antique Weapon Emporium.
 10811 | D:11     | Reached *** piety under Okawaru
 10831 | D:11     | Found a transporter.
 10863 | D:11     | Found Gudas's General Store.
 10871 | D:11     | 10871 ||| SHOPLISTING amulet "Viux" {Spirit Harm rF+++
                  | Regen+ Str-2} (1220 gold, have 325).
 10871 | D:11     | 10871 ||| BUYING potion of lignification (54 gold).
 10871 | D:11     | Bought a potion of lignification for 54 gold pieces
 10935 | D:11     | Noticed a two-headed ogre
 10939 | D:11     | Killed a two-headed ogre
 10964 | D:11     | Found a transporter.
 11041 | D:11     | Found Ylad's Armour Emporium.
 11045 | D:11     | 11045 ||| BUYING +0 helmet (72 gold).
 11045 | D:11     | Bought a +0 helmet for 72 gold pieces
 11045 | D:11     | 11045 ||| BUYING +0 pair of boots (72 gold).
 11045 | D:11     | Bought a +0 pair of boots for 72 gold pieces
 11057 | D:11     | Found Essanode's Book Emporium.
 11295 | D:11     | 11295 ||| UPGRADING to +0 plate armour.
 11305 | D:11     | 11305 ||| DROPPING +0 chain mail.
 11306 | D:11     | 11306 ||| DROPPING +0 scale mail of fire resistance.
 11307 | D:11     | 11307 ||| UPGRADING to +0 helmet.
 11312 | D:11     | 11312 ||| UPGRADING to +0 pair of boots.
 11317 | D:11     | 11317 ||| READING scroll labelled VOUCVI BIFUURASA.
 11318 | D:11     | 11318 ||| READING scroll labelled NISIFY GOIQIF.
 11390 | D:11     | 11390 ||| READING 2 scrolls of identify.
 11390 | D:11     | 11390 ||| IDENTIFYING sapphire potion
 11391 | D:11     | 11391 ||| DROPPING potion of brilliance.
 11447 | D:12     | Noticed a boulder beetle
 11448 | D:12     | 11448 ||| INVOKING Heroism.
 11472 | D:12     | 11472 ||| INVOKING Heroism.
 11474 | D:12     | Killed a boulder beetle
 11474 | D:12     | Received a gift from Okawaru
 11625 | D:12     | 11625 ||| INVOKING Heroism.
 11656 | D:12     | Noticed a two-headed ogre
 11662 | D:12     | 11662 ||| FLEEEEING.
 11663 | D:12     | 11663 ||| FLEEEEING.
 11664 | D:12     | 11664 ||| FLEEEEING.
 11665 | D:12     | 11665 ||| FLEEEEING.
 11666 | D:12     | 11666 ||| FLEEEEING.
 11667 | D:12     | 11667 ||| FLEEEEING.
 11668 | D:12     | 11668 ||| STAIRDANCE
 11727 | D:12     | Killed a two-headed ogre
 11728 | D:12     | Reached skill level 9 in Armour
 11761 | D:12     | 11761 ||| Stepping ~*~*~tactically~*~*~ (hiding).
 11763 | D:12     | Found a frozen archway.
 11809 | D:12     | 11809 ||| FLEEEEING.
 11810 | D:12     | 11810 ||| FLEEEEING.
 11811 | D:12     | 11811 ||| FLEEEEING.
 11816 | D:12     | 11816 ||| FLEEEEING.
 11824 | D:12     | Reached **** piety under Okawaru
 11911 | D:12     | 11911 ||| Stepping ~*~*~tactically~*~*~ (hiding).
 11914 | D:12     | 11914 ||| INVOKING Heroism.
 11916 | D:12     | Noticed a four-headed hydra
 11921 | D:12     | 11921 ||| SWAPPING to -3 morningstar of protection.
 11923 | D:12     | 11923 ||| Stepping ~*~*~tactically~*~*~ (outnumbered).
 11933 | D:12     | 11933 ||| Stepping ~*~*~tactically~*~*~ (outnumbered).
 11934 | D:12     | Killed a four-headed hydra
 11935 | D:12     | 11935 ||| SWAPPING to +4 vampiric war axe.
 11982 | D:12     | Noticed a two-headed ogre
 11990 | D:12     | Killed a two-headed ogre
 12349 | D:12     | 12349 ||| DROPPING +2 chain mail of positive energy.
 12403 | D:11     | 12403 ||| PLANNING LAIR
 12450 | Lair:1   | Entered Level 1 of the Lair of Beasts
 12471 | Lair:1   | 12471 ||| Stepping ~*~*~tactically~*~*~ (stealth).
 12472 | Lair:1   | 12472 ||| INVOKING Heroism.
 12557 | Lair:1   | 12557 ||| Stepping ~*~*~tactically~*~*~ (stealth).
 12559 | Lair:1   | 12559 ||| Stepping ~*~*~tactically~*~*~ (stealth).
 12563 | Lair:1   | 12563 ||| Stepping ~*~*~tactically~*~*~ (stealth).
 12566 | Lair:1   | 12566 ||| Stepping ~*~*~tactically~*~*~ (stealth).
 12576 | Lair:1   | Reached skill level 6 in Invocations
 12634 | Lair:1   | Identified the ring of the Hart {+Blink Int+6}
 12693 | Lair:1   | Reached XP level 13. HP: 82/82 MP: 17/17
 12694 | Lair:1   | 12694 ||| INVOKING Heroism.
 12696 | Lair:1   | 12696 ||| Stepping ~*~*~tactically~*~*~ (stealth).
 12698 | Lair:1   | 12698 ||| Stepping ~*~*~tactically~*~*~ (stealth).
 12701 | Lair:1   | 12701 ||| Stepping ~*~*~tactically~*~*~ (stealth).
 12714 | Lair:1   | 12714 ||| Stepping ~*~*~tactically~*~*~ (stealth).
 12747 | Lair:1   | 12747 ||| INVOKING Heroism.
 12848 | Lair:1   | 12848 ||| Stepping ~*~*~tactically~*~*~ (stealth).
 13004 | Lair:1   | 13004 ||| INVOKING Heroism.
 13007 | Lair:1   | 13007 ||| SWAPPING to -3 morningstar of protection.
 13011 | Lair:1   | Reached ***** piety under Okawaru
 13012 | Lair:1   | 13012 ||| SWAPPING to +4 vampiric war axe.
 13613 | Lair:1   | 13613 ||| DROPPING +2 hat.
 13614 | Lair:1   | 13614 ||| UPGRADING to +10 plate armour of ponderousness.
 13624 | Lair:1   | 13624 ||| DROPPING +0 plate armour.
 13625 | Lair:1   | 13625 ||| DROPPING ring of the Hart {+Blink Int+6}.
 13651 | Lair:2   | 13651 ||| INVOKING Heroism.
 13672 | Lair:2   | 13672 ||| Stepping ~*~*~tactically~*~*~ (stealth).
 13852 | Lair:2   | 13852 ||| Stepping ~*~*~tactically~*~*~ (stealth).
 13853 | Lair:2   | 13853 ||| Stepping ~*~*~tactically~*~*~ (stealth).
 13854 | Lair:2   | 13854 ||| Stepping ~*~*~tactically~*~*~ (stealth).
 13856 | Lair:2   | 13856 ||| INVOKING Heroism.
 13941 | Lair:2   | 13941 ||| INVOKING Heroism.
 13951 | Lair:2   | Noticed Amaemon
 13961 | Lair:2   | Killed Amaemon
 13961 | Lair:2   | Received a gift from Okawaru
 13965 | Lair:2   | 13965 ||| DROPPING -3 morningstar of protection.
 14006 | Lair:2   | Found a bloodstained altar of Trog.
 14027 | Lair:2   | 14027 ||| Stepping ~*~*~tactically~*~*~ (stealth).
 14028 | Lair:2   | 14028 ||| Stepping ~*~*~tactically~*~*~ (stealth).
 14032 | Lair:2   | 14032 ||| INVOKING Heroism.
 14051 | Lair:2   | 14051 ||| INVOKING Heroism.
 14077 | Lair:2   | Found a staircase to the Swamp.
 14145 | Lair:2   | 14145 ||| Stepping ~*~*~tactically~*~*~ (stealth).
 14153 | Lair:2   | 14153 ||| Stepping ~*~*~tactically~*~*~ (stealth).
 14158 | Lair:2   | 14158 ||| Stepping ~*~*~tactically~*~*~ (stealth).
 14318 | Lair:2   | 14318 ||| Stepping ~*~*~tactically~*~*~ (stealth).
 14321 | Lair:2   | 14321 ||| INVOKING Heroism.
 14745 | Lair:2   | 14745 ||| INVOKING Heroism.
 14746 | Lair:2   | 14746 ||| SWAPPING to +0 demon whip of venom.
 14747 | Lair:2   | 14747 ||| INVOKING Finesse.
 14755 | Lair:2   | 14755 ||| SWAPPING to +4 vampiric war axe.
 14812 | Lair:2   | 14812 ||| READING 2 scrolls of identify.
 14812 | Lair:2   | 14812 ||| IDENTIFYING dark potion
 14813 | Lair:2   | 14813 ||| DROPPING potion of berserk rage.
 14886 | Lair:3   | 14886 ||| INVOKING Heroism.
 14887 | Lair:3   | 14887 ||| INVOKING Finesse.
 14888 | Lair:3   | 14888 ||| INVOKING Finesse.
 14895 | Lair:3   | Received a gift from Okawaru
 14896 | Lair:3   | Reached skill level 9 in Invocations
 14975 | Lair:3   | 14975 ||| INVOKING Heroism.
 14983 | Lair:3   | Reached skill level 11 in Shields
 14993 | Lair:3   | 14993 ||| Stepping ~*~*~tactically~*~*~ (stealth).
 14995 | Lair:3   | 14995 ||| Stepping ~*~*~tactically~*~*~ (hiding).
 14998 | Lair:3   | 14998 ||| Stepping ~*~*~tactically~*~*~ (hiding).
 14999 | Lair:3   | 14999 ||| Stepping ~*~*~tactically~*~*~ (hiding).
 15001 | Lair:3   | 15001 ||| Stepping ~*~*~tactically~*~*~ (hiding).
 15002 | Lair:3   | 15002 ||| Stepping ~*~*~tactically~*~*~ (hiding).
 15003 | Lair:3   | 15003 ||| Stepping ~*~*~tactically~*~*~ (hiding).
 15004 | Lair:3   | 15004 ||| Stepping ~*~*~tactically~*~*~ (hiding).
 15009 | Lair:3   | 15009 ||| Stepping ~*~*~tactically~*~*~ (hiding).
 15138 | Lair:3   | 15138 ||| INVOKING Heroism.
 15198 | Lair:3   | You fall into a shaft and drop 1 floor!
 15198 | Lair:4   | Noticed Snorg
 15199 | Lair:4   | 15199 ||| INVOKING Heroism.
 15200 | Lair:4   | 15200 ||| INVOKING Finesse.
 15210 | Lair:4   | Killed Snorg
 15314 | Lair:3   | 15314 ||| Stepping ~*~*~tactically~*~*~ (stealth).
 15315 | Lair:3   | 15315 ||| Stepping ~*~*~tactically~*~*~ (stealth).
 15317 | Lair:3   | 15317 ||| INVOKING Heroism.
 15392 | Lair:3   | 15392 ||| INVOKING Heroism.
 15430 | Lair:3   | 15430 ||| Stepping ~*~*~tactically~*~*~ (stealth).
 15442 | Lair:3   | 15442 ||| INVOKING Heroism.
 15492 | Lair:3   | 15492 ||| Stepping ~*~*~tactically~*~*~ (stealth).
 15504 | Lair:3   | 15504 ||| Stepping ~*~*~tactically~*~*~ (stealth).
 15529 | Lair:3   | 15529 ||| INVOKING Heroism.
 15578 | Lair:3   | Gained mutation: Your large and strong wings let you fly.
                  | [Gargoyle growth]
 15578 | Lair:3   | Reached XP level 14. HP: 88/88 MP: 21/21
 15746 | Lair:3   | Found a staircase to the Snake Pit.
 15986 | Lair:3   | 15986 ||| Stepping ~*~*~tactically~*~*~ (cloud).
 15988 | Lair:3   | 15988 ||| Stepping ~*~*~tactically~*~*~ (cloud).
 16032 | Lair:3   | 16032 ||| INVOKING Heroism.
 16033 | Lair:3   | 16033 ||| INVOKING Finesse.
 16135 | Lair:3   | 16135 ||| Stepping ~*~*~tactically~*~*~ (stealth).
 16138 | Lair:3   | 16138 ||| INVOKING Heroism.
 16139 | Lair:3   | 16139 ||| SWAPPING to +0 demon whip of venom.
 16140 | Lair:3   | 16140 ||| INVOKING Finesse.
 16143 | Lair:3   | Received a gift from Okawaru
 16144 | Lair:3   | 16144 ||| SWAPPING to +4 vampiric war axe.
 16199 | Lair:3   | 16199 ||| Stepping ~*~*~tactically~*~*~ (stealth).
 16201 | Lair:3   | 16201 ||| Stepping ~*~*~tactically~*~*~ (stealth).
 16206 | Lair:3   | 16206 ||| INVOKING Heroism.
 16207 | Lair:3   | 16207 ||| SWAPPING to +0 demon whip of venom.
 16208 | Lair:3   | 16208 ||| INVOKING Finesse.
 16215 | Lair:3   | 16215 ||| SWAPPING to +4 vampiric war axe.
 16247 | Lair:3   | Received a gift from Okawaru
 16313 | Lair:3   | 16313 ||| DRINKING 2 pink potions.
 16713 | Lair:4   | 16713 ||| Stepping ~*~*~tactically~*~*~ (stealth).
 16716 | Lair:4   | 16716 ||| INVOKING Heroism.
 16813 | Lair:4   | 16813 ||| INVOKING Heroism.
 16814 | Lair:4   | 16814 ||| INVOKING Finesse.
 16815 | Lair:4   | 16815 ||| SWAPPING to +0 demon whip of venom.
 16832 | Lair:4   | 16832 ||| SWAPPING to +4 vampiric war axe.
 16902 | Lair:4   | 16902 ||| Stepping ~*~*~tactically~*~*~ (stealth).
 16903 | Lair:4   | 16903 ||| Stepping ~*~*~tactically~*~*~ (stealth).
 17196 | Lair:5   | Entered Level 5 of the Lair of Beasts
 17237 | Lair:5   | 17237 ||| Stepping ~*~*~tactically~*~*~ (stealth).
 17241 | Lair:5   | 17241 ||| INVOKING Heroism.
 17313 | Lair:5   | 17313 ||| INVOKING Heroism.
 17314 | Lair:5   | 17314 ||| INVOKING Finesse.
 17326 | Lair:5   | 17326 ||| SWAPPING to +0 demon whip of venom.
 17332 | Lair:5   | 17332 ||| SWAPPING to +4 vampiric war axe.
 17345 | Lair:5   | Received a gift from Okawaru
 17363 | Lair:5   | Reached skill level 12 in Shields
 17404 | Lair:5   | Noticed Rupert
 17405 | Lair:5   | 17405 ||| INVOKING Heroism.
 17406 | Lair:5   | 17406 ||| INVOKING Finesse.
 17425 | Lair:5   | 17425 ||| INVOKING Heroism.
 17431 | Lair:5   | Killed Rupert
 17434 | Lair:5   | 17434 ||| Stepping ~*~*~tactically~*~*~ (stealth).
 17471 | Lair:5   | 17471 ||| Stepping ~*~*~tactically~*~*~ (stealth).
 17541 | Lair:5   | 17541 ||| Stepping ~*~*~tactically~*~*~ (stealth).
 17542 | Lair:5   | 17542 ||| Stepping ~*~*~tactically~*~*~ (stealth).
 17580 | Lair:5   | 17580 ||| INVOKING Heroism.
 17581 | Lair:5   | 17581 ||| INVOKING Finesse.
 17583 | Lair:5   | 17583 ||| SWAPPING to +0 demon whip of venom.
 17589 | Lair:5   | 17589 ||| SWAPPING to +4 vampiric war axe.
 17605 | Lair:5   | 17605 ||| Stepping ~*~*~tactically~*~*~ (stealth).
 17616 | Lair:5   | Reached XP level 15. HP: 94/94 MP: 17/22
 17630 | Lair:5   | Received a gift from Okawaru
 17645 | Lair:5   | 17645 ||| DROPPING +0 broad axe of draining.
 17651 | Lair:5   | 17651 ||| Stepping ~*~*~tactically~*~*~ (stealth).
 17652 | Lair:5   | 17652 ||| Stepping ~*~*~tactically~*~*~ (stealth).
 17653 | Lair:5   | 17653 ||| Stepping ~*~*~tactically~*~*~ (stealth).
 17660 | Lair:5   | Reached skill level 15 in Axes
 17675 | Lair:5   | 17675 ||| Stepping ~*~*~tactically~*~*~ (stealth).
 17678 | Lair:5   | 17678 ||| Stepping ~*~*~tactically~*~*~ (stealth).
 17681 | Lair:5   | 17681 ||| Stepping ~*~*~tactically~*~*~ (stealth).
 17709 | Lair:5   | 17709 ||| INVOKING Heroism.
 17739 | Lair:5   | Found a staircase to the Slime Pits.
 17739 | Lair:5   | Found a viscous altar of Jiyva.
 17764 | Lair:5   | 17764 ||| Stepping ~*~*~tactically~*~*~ (stealth).
 17770 | Lair:5   | 17770 ||| Stepping ~*~*~tactically~*~*~ (hiding).
 17772 | Lair:5   | 17772 ||| Stepping ~*~*~tactically~*~*~ (hiding).
 17840 | Lair:5   | 17840 ||| Stepping ~*~*~tactically~*~*~ (stealth).
 17939 | Lair:5   | 17939 ||| Stepping ~*~*~tactically~*~*~ (hiding).
 17951 | Lair:5   | 17951 ||| Stepping ~*~*~tactically~*~*~ (stealth).
 17953 | Lair:5   | 17953 ||| Stepping ~*~*~tactically~*~*~ (hiding).
 17980 | Lair:5   | 17980 ||| Stepping ~*~*~tactically~*~*~ (stealth).
 17982 | Lair:5   | 17982 ||| Stepping ~*~*~tactically~*~*~ (hiding).
 18030 | Lair:5   | 18030 ||| Stepping ~*~*~tactically~*~*~ (stealth).
 18031 | Lair:5   | 18031 ||| Stepping ~*~*~tactically~*~*~ (stealth).
 18034 | Lair:5   | 18034 ||| INVOKING Heroism.
 18048 | Lair:5   | Reached skill level 6 in Throwing
 18088 | Lair:5   | 18088 ||| Stepping ~*~*~tactically~*~*~ (stealth).
 18090 | Lair:5   | 18090 ||| Stepping ~*~*~tactically~*~*~ (hiding).
 18101 | Lair:5   | 18101 ||| Stepping ~*~*~tactically~*~*~ (hiding).
 18151 | Lair:5   | 18151 ||| Stepping ~*~*~tactically~*~*~ (stealth).
 18218 | Lair:5   | 18218 ||| INVOKING Heroism.
 18224 | Lair:5   | Reached skill level 12 in Fighting
 18330 | Lair:5   | 18330 ||| INVOKING Heroism.
 18331 | Lair:5   | 18331 ||| INVOKING Finesse.
 18537 | Lair:5   | Received a gift from Okawaru
 18589 | Lair:5   | 18589 ||| PLANNING D
 18589 | Lair:5   | 18589 ||| UPGRADING to +2 pair of boots.
 18599 | Lair:5   | 18599 ||| DROPPING +0 pair of boots.
 18600 | Lair:5   | 18600 ||| DROPPING +1 pair of boots.
 18873 | D:13     | 18873 ||| INVOKING Heroism.
 19048 | D:13     | 19048 ||| Stepping ~*~*~tactically~*~*~ (stealth).
 19050 | D:13     | 19050 ||| Stepping ~*~*~tactically~*~*~ (hiding).
 19100 | D:13     | You are sucked into a shaft and drop 2 floors!
 19100 | D:15     | Entered Level 15 of the Dungeon
 19105 | D:15     | 19105 ||| INVOKING Heroism.
 19172 | D:15     | Found a glowing golden altar of the Shining One.
 19217 | D:15     | 19217 ||| Stepping ~*~*~tactically~*~*~ (hiding).
 19239 | D:15     | Received a gift from Okawaru
 19288 | D:14     | Found Sereh's Antique Armour Emporium.
 19295 | D:14     | 19295 ||| BUYING pair of glowing gloves (165 gold).
 19295 | D:14     | Bought a pair of glowing gloves for 165 gold pieces
 19427 | D:14     | 19427 ||| INVOKING Heroism.
 19429 | D:14     | 19429 ||| Stepping ~*~*~tactically~*~*~ (stealth).
 19444 | D:14     | 19444 ||| Stepping ~*~*~tactically~*~*~ (stealth).
 19446 | D:14     | 19446 ||| Stepping ~*~*~tactically~*~*~ (stealth).
 19543 | D:14     | 19543 ||| UPGRADING to +1 pair of gloves.
 19553 | D:14     | 19553 ||| DROPPING +0 pair of gloves.
 19554 | D:14     | 19554 ||| READING scroll labelled XEREANL MIES.
 19605 | D:13     | 19605 ||| Stepping ~*~*~tactically~*~*~ (hiding).
 19615 | D:13     | 19615 ||| INVOKING Heroism.
 19618 | D:13     | 19618 ||| Stepping ~*~*~tactically~*~*~ (hiding).
 19624 | D:13     | 19624 ||| Stepping ~*~*~tactically~*~*~ (hiding).
 19692 | D:13     | 19692 ||| INVOKING Heroism.
 19893 | D:13     | 19893 ||| INVOKING Heroism.
 19896 | D:13     | Reached skill level 12 in Armour
 19948 | D:13     | 19948 ||| INVOKING Heroism.
 19953 | D:13     | Found a gate to the Vaults.
 19956 | Abyss:2  | Cast into level 2 of the Abyss (a wizard)
 20011 | Abyss:2  | 20011 ||| Stepping ~*~*~tactically~*~*~ (stealth).
 20028 | Abyss:2  | 20028 ||| Stepping ~*~*~tactically~*~*~ (hiding).
 20088 | Abyss:2  | 20088 ||| Stepping ~*~*~tactically~*~*~ (stealth).
 20090 | Abyss:2  | 20090 ||| Stepping ~*~*~tactically~*~*~ (stealth).
 20121 | Abyss:2  | 20121 ||| INVOKING Heroism.
 20179 | Abyss:2  | 20179 ||| INVOKING Heroism.
 20183 | Abyss:2  | Noticed a tentacled starspawn
 20197 | Abyss:2  | Killed a tentacled starspawn
 20198 | Abyss:2  | Reached skill level 13 in Shields
 20203 | Abyss:2  | 20203 ||| INVOKING Heroism.
 20209 | Abyss:2  | 20209 ||| Stepping ~*~*~tactically~*~*~ (cloud).
 20350 | Abyss:2  | 20350 ||| INVOKING Heroism.
 20363 | Abyss:2  | 20363 ||| Stepping ~*~*~tactically~*~*~ (stealth).
 20365 | Abyss:2  | 20365 ||| Stepping ~*~*~tactically~*~*~ (stealth).
 20424 | Abyss:2  | 20424 ||| DRINKING 20 potions of curing.
 20424 | Abyss:2  | 20424 ||| (to cure confusion)
 20437 | Abyss:2  | 20437 ||| Stepping ~*~*~tactically~*~*~ (stealth).
 20442 | Abyss:2  | 20442 ||| Stepping ~*~*~tactically~*~*~ (stealth).
 20443 | Abyss:2  | 20443 ||| Stepping ~*~*~tactically~*~*~ (hiding).
 20470 | Abyss:3  | Found a corrupted altar of Lugonu.
 20476 | Abyss:3  | Reached XP level 16. HP: 93/101 MP: 23/23
 20520 | Abyss:3  | 20520 ||| Stepping ~*~*~tactically~*~*~ (stealth).
 20522 | Abyss:3  | 20522 ||| Stepping ~*~*~tactically~*~*~ (stealth).
 20536 | Abyss:3  | 20536 ||| Stepping ~*~*~tactically~*~*~ (stealth).
 20560 | Abyss:3  | 20560 ||| INVOKING Heroism.
 20586 | Abyss:3  | Noticed an Executioner
 20587 | Abyss:3  | 20587 ||| Stepping ~*~*~tactically~*~*~ (stealth).
 20588 | Abyss:3  | 20588 ||| Stepping ~*~*~tactically~*~*~ (stealth).
 20601 | Abyss:3  | 20601 ||| Stepping ~*~*~tactically~*~*~ (stealth).
 20602 | Abyss:3  | 20602 ||| Stepping ~*~*~tactically~*~*~ (stealth).
 20603 | Abyss:3  | 20603 ||| INVOKING Heroism.
 20627 | Abyss:3  | 20627 ||| Stepping ~*~*~tactically~*~*~ (stealth).
 20636 | Abyss:3  | 20636 ||| Stepping ~*~*~tactically~*~*~ (stealth).
 20644 | Abyss:3  | 20644 ||| Stepping ~*~*~tactically~*~*~ (hiding).
 20654 | Abyss:3  | 20654 ||| Stepping randomly (cloudy).
 20655 | Abyss:3  | 20655 ||| Stepping ~*~*~tactically~*~*~ (cloud).
 20675 | Abyss:3  | 20675 ||| Stepping ~*~*~tactically~*~*~ (stealth).
 20676 | Abyss:3  | 20676 ||| Stepping ~*~*~tactically~*~*~ (stealth).
 20702 | Abyss:3  | 20702 ||| Stepping ~*~*~tactically~*~*~ (stealth).
 20704 | Abyss:3  | 20704 ||| Stepping ~*~*~tactically~*~*~ (stealth).
 20713 | Abyss:3  | 20713 ||| INVOKING Heroism.
 20722 | Abyss:3  | 20722 ||| Stepping ~*~*~tactically~*~*~ (stealth).
 20723 | Abyss:3  | 20723 ||| Stepping ~*~*~tactically~*~*~ (stealth).
 20744 | Abyss:3  | Noticed a lich
 20745 | Abyss:3  | 20745 ||| Stepping ~*~*~tactically~*~*~ (stealth).
 20747 | Abyss:3  | 20747 ||| INVOKING Heroism.
 20748 | Abyss:3  | 20748 ||| INVOKING Finesse.
 20756 | Abyss:3  | Killed a lich
 20756 | Abyss:3  | Received a gift from Okawaru
 20758 | Abyss:3  | Noticed a lich
 20765 | D:13     | Escaped the Abyss
 20769 | D:13     | 20769 ||| INVOKING Heroism.
 20786 | D:13     | Received a gift from Okawaru
 21247 | D:14     | 21247 ||| Stepping ~*~*~tactically~*~*~ (stealth).
 21249 | D:14     | 21249 ||| Stepping ~*~*~tactically~*~*~ (hiding).
 21382 | D:14     | Noticed Kirke
 21382 | D:14     | 21382 ||| Stepping ~*~*~tactically~*~*~ (stealth).
 21384 | D:14     | 21384 ||| INVOKING Heroism.
 21385 | D:14     | 21385 ||| INVOKING Finesse.
 21396 | D:14     | Noticed a sphinx
 21396 | D:14     | Killed Kirke
 21557 | D:14     | 21557 ||| INVOKING Heroism.
 21564 | D:14     | Identified the +5 falchion of Matraf {vorpal, Int+4 Dex+3}
                  | (Okawaru gifted it to you on level 14 of the Dungeon)
 21564 | D:14     | Received a gift from Okawaru
 21565 | D:14     | 21565 ||| FLEEEEING.
 22005 | D:14     | 22005 ||| DRINKING 2 purple potions.
 22038 | D:15     | Noticed Agnes
 22039 | D:15     | 22039 ||| INVOKING Heroism.
 22040 | D:15     | 22040 ||| Stepping ~*~*~tactically~*~*~ (hiding).
 22042 | D:15     | 22042 ||| INVOKING Finesse.
 22058 | D:15     | Killed Agnes
 22231 | D:15     | 22231 ||| INVOKING Heroism.
 22236 | D:15     | 22236 ||| READING 15 scrolls of teleportation.
 22265 | D:15     | 22265 ||| INVOKING Finesse.
 22319 | D:15     | 22319 ||| Stepping ~*~*~tactically~*~*~ (hiding).
 22321 | D:15     | 22321 ||| INVOKING Heroism.
 22326 | D:15     | 22326 ||| Stepping ~*~*~tactically~*~*~ (stealth).
 22443 | D:15     | 22443 ||| INVOKING Heroism.
 22482 | D:15     | 22482 ||| FLEEEEING.
 22483 | D:15     | 22483 ||| FLEEEEING.
 22484 | D:15     | 22484 ||| STAIRDANCE
 22586 | D:14     | 22586 ||| READING 9 scrolls of identify.
 22586 | D:14     | 22586 ||| IDENTIFYING cyan potion
 22589 | D:15     | 22589 ||| INVOKING Heroism.
 22637 | D:15     | 22637 ||| READING scroll of enchant armour.
 22637 | D:15     | 22637 ||| ENCHANTING +1 pair of gloves.
 22654 | D:15     | Found a runed translucent gate.
 22654 | D:15     | Found a runed translucent gate.
 22654 | D:15     | Found a runed translucent gate.
 22657 | D:15     | Noticed Jussuw Iff's ghost (adept KoGl)
 22739 | D:15     | Found a staircase to the Depths.
 22970 | D:15     | 22970 ||| PLANNING ORC
 22970 | D:15     | 22970 ||| DROPPING +6 ring of strength.
 23084 | Orc:1    | Entered Level 1 of the Orcish Mines
 23087 | Orc:1    | 23087 ||| INVOKING Heroism.
 23155 | Orc:1    | 23155 ||| INVOKING Heroism.
 23317 | Orc:1    | 23317 ||| INVOKING Heroism.
 23470 | Orc:2    | Entered Level 2 of the Orcish Mines
 23471 | Orc:2    | 23471 ||| PLANNING BAZAAR
 23486 | Orc:2    | 23486 ||| Stepping ~*~*~tactically~*~*~ (stealth).
 23487 | Orc:2    | 23487 ||| INVOKING Heroism.
 23524 | Orc:2    | 23524 ||| Stepping ~*~*~tactically~*~*~ (hiding).
 23526 | Orc:2    | 23526 ||| Stepping ~*~*~tactically~*~*~ (hiding).
 23531 | Orc:2    | 23531 ||| INVOKING Heroism.
 23532 | Orc:2    | 23532 ||| INVOKING Finesse.
 23637 | Orc:2    | 23637 ||| Stepping ~*~*~tactically~*~*~ (hiding).
 23642 | Orc:2    | 23642 ||| INVOKING Heroism.
 23754 | Orc:2    | 23754 ||| Stepping ~*~*~tactically~*~*~ (stealth).
 23759 | Orc:2    | 23759 ||| INVOKING Heroism.
 23772 | Orc:2    | 23772 ||| DROPPING +0 demon whip of venom.
 23803 | Orc:2    | Found a flickering gateway to a bazaar.
 23808 | Orc:2    | 23808 ||| INVOKING Heroism.
 23809 | Orc:2    | 23809 ||| INVOKING Finesse.
 23812 | Orc:2    | Received a gift from Okawaru
 23817 | Bazaar   | Entered a bazaar
 23817 | Bazaar   | Found Isoafiyq's Jewellery Shoppe.
 23817 | Bazaar   | Found Wyalulle's Antique Weapon Emporium.
 23817 | Bazaar   | Found Bapuelym's Weapon Emporium.
 23817 | Bazaar   | Found Xibaaxt's Magic Scroll Shoppe.
 23855 | Bazaar   | 23855 ||| BUYING amulet of reflection (330 gold).
 23855 | Bazaar   | Bought an amulet of reflection for 330 gold pieces
 23867 | Bazaar   | 23867 ||| BUYING scroll of acquirement (728 gold).
 23867 | Bazaar   | Bought a scroll of acquirement for 728 gold pieces
 23867 | Bazaar   | 23867 ||| BUYING scroll of enchant weapon (105 gold).
 23867 | Bazaar   | Bought a scroll of enchant weapon for 105 gold pieces
 23867 | Bazaar   | 23867 ||| READING scroll of acquirement.
 23867 | Bazaar   | 23867 ||| ACQUIRING +4 kite shield of the Lion {Harm rElec}
 23867 | Bazaar   | Acquired the +4 kite shield of the Lion {Harm rElec}
 23869 | Bazaar   | 23869 ||| READING scroll of enchant weapon.
 23869 | Bazaar   | 23869 ||| ENCHANTING +4 vampiric war axe.
 23874 | Bazaar   | 23874 ||| UPGRADING to amulet of reflection.
 23884 | Orc:2    | 23884 ||| PLANNING ORC
 23907 | Orc:2    | Found a staircase to the Elven Halls.
 23940 | Orc:2    | Found Jycvozuo's Armour Emporium.
 23974 | Orc:2    | 23974 ||| INVOKING Heroism.
 24014 | Orc:2    | Noticed Jorgrun
 24015 | Orc:2    | 24015 ||| INVOKING Heroism.
 24027 | Orc:2    | Killed Jorgrun
 24028 | Orc:2    | Reached skill level 14 in Shields
 24055 | Orc:2    | 24055 ||| INVOKING Heroism.
 24062 | Orc:2    | 24062 ||| INVOKING Finesse.
 24073 | Orc:2    | Received a gift from Okawaru
 24190 | Orc:2    | 24190 ||| Stepping ~*~*~tactically~*~*~ (hiding).
 24191 | Orc:2    | 24191 ||| INVOKING Heroism.
 24219 | Orc:2    | Found Itoipe's General Store.
 24220 | Orc:2    | Found Juxzah's Book Shop.
 24222 | Orc:2    | Found Ceiv's Antique Armour Boutique.
 24222 | Orc:2    | Found Izulot's Antique Weapon Boutique.
 24226 | Orc:2    | 24226 ||| BUYING glowing scarf (240 gold).
 24226 | Orc:2    | Bought a glowing scarf for 240 gold pieces
 24226 | Orc:2    | 24226 ||| SHOPLISTING pair of glowing gloves (225 gold,
                  | have 164).
 24236 | Orc:2    | 24236 ||| BUYING potion of curing (33 gold).
 24236 | Orc:2    | Bought a potion of curing for 33 gold pieces
 24244 | Orc:2    | 24244 ||| INVOKING Heroism.
 24455 | Orc:2    | 24455 ||| PLANNING SWAMP:1-3
 24455 | Orc:2    | 24455 ||| DROPPING scarf of resistance.
 24456 | Orc:2    | 24456 ||| UPGRADING to +2 plate armour of fire resistance.
 24667 | Swamp:1  | Entered Level 1 of the Swamp
 24667 | Swamp:1  | Noticed a thorn hunter
 24668 | Swamp:1  | 24668 ||| INVOKING Heroism.
 24669 | Swamp:1  | 24669 ||| INVOKING Finesse.
 24682 | Swamp:1  | Received a gift from Okawaru
 24691 | Swamp:1  | Killed a thorn hunter
 24692 | Swamp:1  | Reached XP level 17. HP: 112/112 MP: 18/24
 24750 | Swamp:1  | 24750 ||| Stepping ~*~*~tactically~*~*~ (stealth).
 24774 | Swamp:1  | 24774 ||| Stepping ~*~*~tactically~*~*~ (stealth).
 24868 | Swamp:1  | 24868 ||| INVOKING Heroism.
 24991 | Swamp:1  | 24991 ||| READING scroll of enchant weapon.
 24991 | Swamp:1  | 24991 ||| ENCHANTING +5 vampiric war axe.
 25045 | Swamp:1  | 25045 ||| Stepping ~*~*~tactically~*~*~ (stealth).
 25061 | Swamp:1  | 25061 ||| Stepping ~*~*~tactically~*~*~ (hiding).
 25062 | Swamp:1  | 25062 ||| Stepping ~*~*~tactically~*~*~ (hiding).
 25064 | Swamp:1  | 25064 ||| Stepping ~*~*~tactically~*~*~ (hiding).
 25073 | Swamp:1  | Reached skill level 15 in Fighting
 25076 | Swamp:1  | 25076 ||| Stepping ~*~*~tactically~*~*~ (hiding).
 25083 | Swamp:1  | Received a gift from Okawaru
 25084 | Swamp:1  | 25084 ||| Stepping randomly (cloudy).
 25085 | Swamp:1  | 25085 ||| INVOKING Heroism.
 25203 | Swamp:1  | 25203 ||| DROPPING +2 broad axe of pain.
 25424 | Swamp:2  | 25424 ||| STAIRDANCE
 25428 | Swamp:2  | 25428 ||| STAIRDANCE
 25436 | Swamp:2  | 25436 ||| STAIRDANCE
 25446 | Swamp:2  | 25446 ||| STAIRDANCE
 25493 | Swamp:2  | 25493 ||| STAIRDANCE
 25519 | Swamp:2  | 25519 ||| Stepping ~*~*~tactically~*~*~ (hiding).
 25520 | Swamp:2  | 25520 ||| INVOKING Heroism.
 25569 | Swamp:2  | 25569 ||| INVOKING Heroism.
 25620 | Swamp:2  | 25620 ||| Stepping ~*~*~tactically~*~*~ (stealth).
 25621 | Swamp:2  | 25621 ||| Stepping ~*~*~tactically~*~*~ (stealth).
 25623 | Swamp:2  | 25623 ||| INVOKING Heroism.
 25697 | Swamp:2  | 25697 ||| INVOKING Heroism.
 25698 | Swamp:2  | 25698 ||| INVOKING Finesse.
 25849 | Swamp:2  | 25849 ||| Stepping ~*~*~tactically~*~*~ (hiding).
 25851 | Swamp:2  | 25851 ||| Stepping ~*~*~tactically~*~*~ (hiding).
 25852 | Swamp:2  | 25852 ||| Stepping randomly (cloudy).
 25855 | Swamp:2  | 25855 ||| INVOKING Heroism.
 25955 | Swamp:2  | Received a gift from Okawaru
 26051 | Swamp:2  | 26051 ||| INVOKING Heroism.
 26055 | Swamp:2  | Reached skill level 15 in Armour
 26309 | Swamp:3  | 26309 ||| FLEEEEING.
 26311 | Swamp:3  | 26311 ||| FLEEEEING.
 26312 | Swamp:3  | 26312 ||| FLEEEEING.
 26313 | Swamp:3  | 26313 ||| FLEEEEING.
 26314 | Swamp:3  | 26314 ||| FLEEEEING.
 26316 | Swamp:3  | 26316 ||| STAIRDANCE
 26420 | Swamp:3  | 26420 ||| STAIRDANCE
 26447 | Swamp:3  | 26447 ||| STAIRDANCE
 26459 | Swamp:3  | 26459 ||| STAIRDANCE
 26531 | Swamp:3  | 26531 ||| STAIRDANCE
 26538 | Swamp:2  | 26538 ||| INVOKING Heroism.
 26657 | Swamp:3  | 26657 ||| STAIRDANCE
 26661 | Swamp:3  | 26661 ||| STAIRDANCE
 26738 | Swamp:3  | 26738 ||| STAIRDANCE
 26776 | Swamp:3  | Received a gift from Okawaru
 26779 | Swamp:3  | 26779 ||| Stepping ~*~*~tactically~*~*~ (hiding).
 26901 | Swamp:3  | Found a runed translucent gate.
 26901 | Swamp:3  | Found a runed translucent gate.
 26902 | Swamp:3  | Noticed qw's ghost (adept MiBe)
 26902 | Swamp:3  | Noticed qw's ghost (adept MiBe)
 26902 | Swamp:3  | Noticed contendunt's ghost (adept MiFi)
 26903 | Swamp:3  | Found a runed translucent gate.
 26903 | Swamp:3  | Noticed qw's ghost (adept MiBe)
 26994 | Swamp:3  | 26994 ||| Stepping ~*~*~tactically~*~*~ (stealth).
 26995 | Swamp:3  | 26995 ||| Stepping ~*~*~tactically~*~*~ (stealth).
 26996 | Swamp:3  | 26996 ||| Stepping ~*~*~tactically~*~*~ (stealth).
 26997 | Swamp:3  | 26997 ||| Stepping ~*~*~tactically~*~*~ (stealth).
 26998 | Swamp:3  | 26998 ||| Stepping ~*~*~tactically~*~*~ (stealth).
 26999 | Swamp:3  | 26999 ||| Stepping ~*~*~tactically~*~*~ (stealth).
 27074 | Swamp:3  | Reached skill level 15 in Shields
 27127 | Swamp:3  | 27127 ||| Stepping ~*~*~tactically~*~*~ (hiding).
 27414 | Swamp:3  | 27414 ||| PLANNING SNAKE:1-3
 27525 | Snake:1  | Entered Level 1 of the Snake Pit
 27543 | Snake:1  | Identified Roxanne's Monograph on Transmutation
 27543 | Snake:1  | Noticed Roxanne
 27544 | Snake:1  | 27544 ||| INVOKING Heroism.
 27545 | Snake:1  | 27545 ||| INVOKING Finesse.
 27566 | Snake:1  | Killed Roxanne
 27711 | Snake:1  | 27711 ||| Stepping ~*~*~tactically~*~*~ (hiding).
 27714 | Snake:1  | 27714 ||| Stepping ~*~*~tactically~*~*~ (hiding).
 27737 | Snake:1  | 27737 ||| Stepping ~*~*~tactically~*~*~ (stealth).
 27790 | Snake:1  | 27790 ||| Stepping ~*~*~tactically~*~*~ (stealth).
 27791 | Snake:1  | 27791 ||| Stepping ~*~*~tactically~*~*~ (stealth).
 27793 | Snake:1  | 27793 ||| Stepping ~*~*~tactically~*~*~ (hiding).
 27794 | Snake:1  | 27794 ||| INVOKING Heroism.
 28019 | Snake:1  | 28019 ||| Stepping ~*~*~tactically~*~*~ (hiding).
 28021 | Snake:1  | Noticed Aizul
 28022 | Snake:1  | 28022 ||| Stepping ~*~*~tactically~*~*~ (hiding).
 28024 | Snake:1  | 28024 ||| INVOKING Heroism.
 28025 | Snake:1  | 28025 ||| INVOKING Finesse.
 28040 | Snake:1  | Killed Aizul
 28085 | Snake:1  | Found a runed translucent gate.
 28085 | Snake:1  | Found a runed translucent gate.
 28085 | Snake:1  | Found a runed translucent gate.
 28085 | Snake:1  | Noticed qw's ghost (journeyman MiBe)
 28130 | Snake:1  | 28130 ||| Stepping ~*~*~tactically~*~*~ (hiding).
 28142 | Snake:1  | Received a gift from Okawaru
 28320 | Snake:1  | Found the amulet of the Four Winds {rN+ Will+++ Clar}
 28336 | Snake:2  | 28336 ||| STAIRDANCE
 28416 | Snake:2  | 28416 ||| INVOKING Heroism.
 28424 | Snake:2  | 28424 ||| STAIRDANCE
 28454 | Snake:2  | 28454 ||| STAIRDANCE
 28456 | Snake:1  | 28456 ||| INVOKING Heroism.
 28491 | Snake:2  | 28491 ||| STAIRDANCE
 28531 | Snake:2  | 28531 ||| STAIRDANCE
 28590 | Snake:2  | 28590 ||| INVOKING Heroism.
 28758 | Snake:2  | 28758 ||| INVOKING Heroism.
 28781 | Snake:2  | 28781 ||| DROPPING +1 hand axe of flaming.
 28830 | Snake:2  | Found Meituisk's Distillery.
 28832 | Snake:2  | Found Remobem's General Store.
 28834 | Snake:2  | Found Hiam's Antique Weapon Shoppe.
 28838 | Snake:2  | 28838 ||| BUYING 2 potions of attraction (66 gold).
 28838 | Snake:2  | Bought 2 potions of attraction for 66 gold pieces
 28838 | Snake:2  | 28838 ||| BUYING 2 potions of resistance (220 gold).
 28838 | Snake:2  | Bought 2 potions of resistance for 220 gold pieces
 28838 | Snake:2  | 28838 ||| BUYING potion of curing (33 gold).
 28838 | Snake:2  | Bought a potion of curing for 33 gold pieces
 28838 | Snake:2  | 28838 ||| BUYING potion of curing (33 gold).
 28838 | Snake:2  | Bought a potion of curing for 33 gold pieces
 28838 | Snake:2  | 28838 ||| BUYING potion of might (44 gold).
 28838 | Snake:2  | Bought a potion of might for 44 gold pieces
 28838 | Snake:2  | 28838 ||| BUYING potion of mutation (88 gold).
 28838 | Snake:2  | Bought a potion of mutation for 88 gold pieces
 28840 | Snake:2  | 28840 ||| BUYING potion of cancellation (120 gold).
 28840 | Snake:2  | Bought a potion of cancellation for 120 gold pieces
 28840 | Snake:2  | 28840 ||| BUYING potion of curing (45 gold).
 28840 | Snake:2  | Bought a potion of curing for 45 gold pieces
 28840 | Snake:2  | 28840 ||| SHOPLISTING potion of haste (150 gold, have 26).
 28927 | Snake:2  | 28927 ||| FLEEEEING.
 28928 | Snake:2  | 28928 ||| STAIRDANCE
 29067 | Snake:1  | 29067 ||| DROPPING +4 kite shield of the Lion {Harm rElec}.
 29068 | Snake:1  | 29068 ||| UPGRADING to +1 tower shield of poison
                  | resistance.
 29078 | Snake:1  | 29078 ||| DROPPING +0 kite shield.
 29079 | Snake:1  | 29079 ||| DROPPING ring of fire.
 29254 | Snake:2  | 29254 ||| Stepping ~*~*~tactically~*~*~ (stealth).
 29256 | Snake:2  | 29256 ||| Stepping ~*~*~tactically~*~*~ (hiding).
 29454 | Snake:2  | 29454 ||| INVOKING Heroism.
 29473 | Snake:2  | Received a gift from Okawaru
 29474 | Snake:2  | Reached XP level 18. HP: 120/120 MP: 25/25
 29474 | Snake:2  | 29474 ||| DROPPING +1 broad axe of flaming.
 29562 | Snake:3  | Noticed Litua's ghost (journeyman MiBe)
 29569 | Snake:3  | Found a transporter.
 29570 | Snake:3  | Found a bloodstained altar of Trog.
 29577 | Snake:3  | Found a transporter.
 29598 | Snake:3  | 29598 ||| Stepping ~*~*~tactically~*~*~ (hiding).
 29646 | Snake:3  | 29646 ||| Stepping ~*~*~tactically~*~*~ (hiding).
 29846 | Snake:3  | 29846 ||| Stepping ~*~*~tactically~*~*~ (stealth).
 29854 | Snake:3  | 29854 ||| Stepping ~*~*~tactically~*~*~ (hiding).
 30011 | Snake:3  | Found Russ's Antique Weapon Boutique.
 30024 | Snake:3  | Identified the +7 broad axe of Devotion {venom, rCorr}
                  | (Okawaru gifted it to you on level 3 of the Snake Pit)
 30024 | Snake:3  | Received a gift from Okawaru
 30026 | Snake:3  | 30026 ||| DROPPING +2 broad axe of freezing.
 30200 | Snake:3  | 30200 ||| INVOKING Heroism.
 30242 | Snake:3  | Reached skill level 16 in Shields
 30327 | Snake:3  | 30327 ||| Stepping ~*~*~tactically~*~*~ (hiding).
 30336 | Snake:3  | 30336 ||| INVOKING Heroism.
 30470 | Snake:3  | 30470 ||| Stepping ~*~*~tactically~*~*~ (hiding).
 30472 | Snake:3  | 30472 ||| Stepping ~*~*~tactically~*~*~ (hiding).
 30483 | Snake:3  | 30483 ||| Stepping ~*~*~tactically~*~*~ (stealth).
 30485 | Snake:3  | 30485 ||| Stepping ~*~*~tactically~*~*~ (hiding).
 30491 | Snake:3  | 30491 ||| INVOKING Heroism.
 30626 | Snake:3  | 30626 ||| READING scroll of enchant armour.
 30626 | Snake:3  | 30626 ||| ENCHANTING +2 plate armour of fire resistance.
 30902 | Snake:3  | 30902 ||| PLANNING SWAMP:4
 31050 | Swamp:4  | Entered Level 4 of the Swamp
 31051 | Swamp:4  | 31051 ||| INVOKING Heroism.
 31131 | Swamp:4  | 31131 ||| FLEEEEING.
 31132 | Swamp:4  | 31132 ||| FLEEEEING.
 31133 | Swamp:4  | 31133 ||| STAIRDANCE
 31293 | Swamp:4  | 31293 ||| Stepping ~*~*~tactically~*~*~ (hiding).
 31294 | Swamp:4  | 31294 ||| Stepping ~*~*~tactically~*~*~ (hiding).
 31298 | Swamp:4  | 31298 ||| INVOKING Heroism.
 31312 | Swamp:4  | 31312 ||| Stepping ~*~*~tactically~*~*~ (stealth).
 31313 | Swamp:4  | 31313 ||| Stepping ~*~*~tactically~*~*~ (stealth).
 31314 | Swamp:4  | 31314 ||| Stepping ~*~*~tactically~*~*~ (stealth).
 31346 | Swamp:4  | 31346 ||| Stepping ~*~*~tactically~*~*~ (stealth).
 31352 | Swamp:4  | Reached skill level 17 in Shields
 31355 | Swamp:4  | 31355 ||| INVOKING Heroism.
 31369 | Swamp:4  | Received a gift from Okawaru
 31391 | Swamp:4  | 31391 ||| INVOKING Heroism.
 31408 | Swamp:4  | 31408 ||| Stepping ~*~*~tactically~*~*~ (stealth).
 31431 | Swamp:4  | 31431 ||| INVOKING Heroism.
 31571 | Swamp:4  | 31571 ||| Stepping ~*~*~tactically~*~*~ (stealth).
 31575 | Swamp:4  | 31575 ||| Stepping ~*~*~tactically~*~*~ (stealth).
 31577 | Swamp:4  | 31577 ||| Stepping ~*~*~tactically~*~*~ (stealth).
 31604 | Swamp:4  | 31604 ||| INVOKING Heroism.
 31610 | Swamp:4  | 31610 ||| Stepping ~*~*~tactically~*~*~ (stealth).
 31618 | Swamp:4  | Received a gift from Okawaru
 31650 | Swamp:4  | 31650 ||| Stepping ~*~*~tactically~*~*~ (stealth).
 31651 | Swamp:4  | 31651 ||| Stepping ~*~*~tactically~*~*~ (stealth).
 31668 | Swamp:4  | 31668 ||| FLEEEEING.
 31811 | Swamp:4  | 31811 ||| Stepping ~*~*~tactically~*~*~ (stealth).
 31818 | Swamp:4  | 31818 ||| Stepping ~*~*~tactically~*~*~ (stealth).
 31819 | Swamp:4  | 31819 ||| Stepping ~*~*~tactically~*~*~ (stealth).
 31851 | Swamp:4  | 31851 ||| Stepping ~*~*~tactically~*~*~ (stealth).
 31852 | Swamp:4  | 31852 ||| Stepping ~*~*~tactically~*~*~ (stealth).
 31863 | Swamp:4  | 31863 ||| Stepping ~*~*~tactically~*~*~ (hiding).
 31879 | Swamp:4  | 31879 ||| Stepping ~*~*~tactically~*~*~ (stealth).
 31908 | Swamp:4  | 31908 ||| INVOKING Heroism.
 31909 | Swamp:4  | 31909 ||| INVOKING Finesse.
 31920 | Swamp:4  | Reached skill level 18 in Shields
 31940 | Swamp:4  | Found a blossoming altar of Fedhas.
 31982 | Swamp:4  | Found a basalt altar of Yredelemnul.
 32017 | Swamp:4  | 32017 ||| INVOKING Heroism.
 32018 | Swamp:4  | 32018 ||| INVOKING Finesse.
 32020 | Swamp:4  | 32020 ||| FLEEEEING.
 32021 | Swamp:4  | 32021 ||| FLEEEEING.
 32396 | Swamp:4  | 32396 ||| INVOKING Heroism.
 32397 | Swamp:4  | 32397 ||| INVOKING Finesse.
 32426 | Swamp:4  | 32426 ||| INVOKING Heroism.
 32427 | Swamp:4  | 32427 ||| INVOKING Finesse.
 32487 | Swamp:4  | Got a decaying rune of Zot
 32488 | Swamp:4  | 32488 ||| PLANNING VAULTS:1-4
 32747 | Vaults:1 | Entered Level 1 of the Vaults
 32748 | Vaults:1 | 32748 ||| INVOKING Heroism.
 32770 | Vaults:1 | Received a gift from Okawaru
 32798 | Vaults:1 | 32798 ||| INVOKING Heroism.
 33019 | Vaults:1 | 33019 ||| INVOKING Heroism.
 33020 | Vaults:1 | 33020 ||| Stepping ~*~*~tactically~*~*~ (stealth).
 33021 | Vaults:1 | 33021 ||| Stepping ~*~*~tactically~*~*~ (stealth).
 33050 | Vaults:1 | Reached XP level 19. HP: 125/125 MP: 26/26
 33055 | Vaults:1 | Reached skill level 9 in Throwing
 33189 | Vaults:1 | 33189 ||| Stepping ~*~*~tactically~*~*~ (hiding).
 33197 | Vaults:1 | 33197 ||| INVOKING Heroism.
 33198 | Vaults:1 | 33198 ||| INVOKING Finesse.
 33306 | Vaults:1 | 33306 ||| INVOKING Heroism.
 33315 | Vaults:1 | Reached skill level 19 in Shields
 33320 | Vaults:1 | Received a gift from Okawaru
 33328 | Vaults:1 | 33328 ||| INVOKING Heroism.
 33329 | Vaults:1 | 33329 ||| Stepping ~*~*~tactically~*~*~ (hiding).
 33355 | Vaults:1 | 33355 ||| Stepping ~*~*~tactically~*~*~ (hiding).
 33372 | Vaults:1 | 33372 ||| INVOKING Heroism.
 33915 | Vaults:1 | 33915 ||| INVOKING Heroism.
 33919 | Vaults:1 | Received a gift from Okawaru
 34175 | Vaults:1 | Found a large runed translucent door.
 34175 | Vaults:1 | Noticed qw's ghost (adept MiBe)
 34276 | Vaults:1 | Found a large runed translucent door.
 34338 | Vaults:1 | 34338 ||| Stepping ~*~*~tactically~*~*~ (stealth).
 34340 | Vaults:1 | 34340 ||| Stepping ~*~*~tactically~*~*~ (hiding).
 34403 | Vaults:1 | 34403 ||| INVOKING Heroism.
 34708 | Vaults:1 | 34708 ||| Stepping ~*~*~tactically~*~*~ (hiding).
 34751 | Vaults:1 | 34751 ||| UPGRADING to +2 tower shield.
 34761 | Vaults:1 | 34761 ||| DROPPING +1 tower shield of poison resistance.
 34845 | Vaults:2 | 34845 ||| INVOKING Heroism.
 34929 | Vaults:2 | 34929 ||| INVOKING Heroism.
 34980 | Vaults:2 | 34980 ||| Stepping ~*~*~tactically~*~*~ (stealth).
 34982 | Vaults:2 | 34982 ||| INVOKING Heroism.
 35027 | Vaults:2 | 35027 ||| INVOKING Finesse.
 35028 | Vaults:2 | 35028 ||| Stepping ~*~*~tactically~*~*~ (stealth).
 35031 | Vaults:2 | 35031 ||| Stepping ~*~*~tactically~*~*~ (hiding).
 35032 | Vaults:2 | 35032 ||| Stepping ~*~*~tactically~*~*~ (hiding).
 35038 | Vaults:2 | Received a gift from Okawaru
 35192 | Vaults:2 | 35192 ||| INVOKING Heroism.
 35193 | Vaults:2 | 35193 ||| INVOKING Finesse.
 35261 | Vaults:2 | 35261 ||| INVOKING Heroism.
 35303 | Vaults:2 | 35303 ||| INVOKING Heroism.
 35386 | Vaults:2 | 35386 ||| INVOKING Heroism.
 35420 | Vaults:2 | Found a huge runed gate.
 35420 | Vaults:2 | Found a huge runed gate.
 35420 | Vaults:2 | Found a huge runed gate.
 35420 | Vaults:2 | Found a huge runed gate.
 35420 | Vaults:2 | Found a huge runed gate.
 35420 | Vaults:2 | Found a huge runed gate.
 35421 | Vaults:2 | Found a huge runed gate.
 35421 | Vaults:2 | Found a huge runed gate.
 35421 | Vaults:2 | Found a huge runed gate.
 35421 | Vaults:2 | Found a huge runed gate.
 35425 | Vaults:2 | Found a huge runed gate.
 35425 | Vaults:2 | Found a huge runed gate.
 35425 | Vaults:2 | Found a huge runed gate.
 35425 | Vaults:2 | Found a huge runed gate.
 35425 | Vaults:2 | Found a huge runed gate.
 35425 | Vaults:2 | Found a huge runed gate.
 35426 | Vaults:2 | Found a huge runed gate.
 35427 | Vaults:2 | Found a huge runed gate.
 35428 | Vaults:2 | Found a huge runed gate.
 35436 | Vaults:2 | Found a huge runed gate.
 35436 | Vaults:2 | Found a huge runed gate.
 35436 | Vaults:2 | Found a huge runed gate.
 35436 | Vaults:2 | Found a huge runed gate.
 35436 | Vaults:2 | Found a huge runed gate.
 35436 | Vaults:2 | Found a huge runed gate.
 35437 | Vaults:2 | Found a huge runed gate.
 35462 | Vaults:2 | 35462 ||| Stepping ~*~*~tactically~*~*~ (hiding).
 35494 | Vaults:2 | 35494 ||| FLEEEEING.
 35495 | Vaults:2 | 35495 ||| FLEEEEING.
 35496 | Vaults:2 | 35496 ||| FLEEEEING.
 35497 | Vaults:2 | 35497 ||| FLEEEEING.
 35498 | Vaults:2 | 35498 ||| FLEEEEING.
 35499 | Vaults:2 | 35499 ||| FLEEEEING.
 35505 | Vaults:2 | 35505 ||| FLEEEEING.
 35506 | Vaults:2 | 35506 ||| FLEEEEING.
 35507 | Vaults:2 | 35507 ||| FLEEEEING.
 35508 | Vaults:2 | 35508 ||| FLEEEEING.
 35509 | Vaults:2 | 35509 ||| FLEEEEING.
 35509 | Vaults:2 | Found a huge runed gate.
 35576 | Vaults:2 | Found a staircase to the Crypt.
 35637 | Vaults:2 | Found a huge runed gate.
 35637 | Vaults:2 | Found a huge runed gate.
 35637 | Vaults:2 | Found a huge runed gate.
 35638 | Vaults:2 | Found a huge runed gate.
 35638 | Vaults:2 | Found a huge runed gate.
 35638 | Vaults:2 | Found a huge runed gate.
 35638 | Vaults:2 | Found a huge runed gate.
 35640 | Vaults:2 | Found a huge runed gate.
 35641 | Vaults:2 | Found a huge runed gate.
 35732 | Vaults:2 | Reached XP level 20. HP: 134/134 MP: 27/27
 35747 | Vaults:2 | Received a gift from Okawaru
 35858 | Vaults:2 | 35858 ||| Stepping ~*~*~tactically~*~*~ (hiding).
 35860 | Vaults:2 | 35860 ||| Stepping ~*~*~tactically~*~*~ (hiding).
 36052 | Vaults:2 | 36052 ||| INVOKING Heroism.
 36357 | Vaults:3 | 36357 ||| INVOKING Heroism.
 36373 | Vaults:3 | Reached skill level 18 in Fighting
 36380 | Vaults:3 | 36380 ||| Stepping ~*~*~tactically~*~*~ (hiding).
 36385 | Vaults:3 | Paralysed by a great orb of eyes for 2 turns
 36391 | Vaults:3 | Received a gift from Okawaru
 36401 | Vaults:3 | 36401 ||| INVOKING Heroism.
 36550 | Vaults:3 | 36550 ||| INVOKING Heroism.
 36774 | Vaults:3 | 36774 ||| INVOKING Heroism.
 36824 | Vaults:3 | 36824 ||| INVOKING Heroism.
 36834 | Vaults:3 | Identified the +0 plate armour of Dim Light {rPois rN+
                  | Regen+} (Okawaru gifted it to you on level 3 of the Vaults)
 36834 | Vaults:3 | Received a gift from Okawaru
 36980 | Vaults:3 | Found Sogex's General Store.
 36983 | Vaults:3 | 36983 ||| BUYING scroll of blinking (127 gold).
 36983 | Vaults:3 | Bought a scroll of blinking for 127 gold pieces
 36983 | Vaults:3 | 36983 ||| BUYING scroll of enchant armour (127 gold).
 36983 | Vaults:3 | Bought a scroll of enchant armour for 127 gold pieces
 36983 | Vaults:3 | 36983 ||| READING scroll of enchant armour.
 36983 | Vaults:3 | 36983 ||| ENCHANTING +3 plate armour of fire resistance.
 36998 | Vaults:3 | 36998 ||| INVOKING Heroism.
 37005 | Vaults:3 | Reached skill level 18 in Armour
 37020 | Vaults:3 | Reached skill level 20 in Shields
 37049 | Vaults:3 | 37049 ||| INVOKING Heroism.
 37061 | Vaults:3 | Noticed Donald
 37061 | Vaults:3 | Noticed Frederick
 37061 | Vaults:3 | 37061 ||| INVOKING Finesse.
 37093 | Vaults:3 | Killed Frederick
 37110 | Vaults:3 | Killed Donald
 37225 | Vaults:3 | 37225 ||| FLEEEEING.
 37226 | Vaults:3 | 37226 ||| FLEEEEING.
 37228 | Vaults:3 | 37228 ||| FLEEEEING.
 37229 | Vaults:3 | 37229 ||| FLEEEEING.
 37230 | Vaults:3 | 37230 ||| FLEEEEING.
 37231 | Vaults:3 | 37231 ||| FLEEEEING.
 37236 | Vaults:3 | 37236 ||| FLEEEEING.
 37237 | Vaults:3 | 37237 ||| FLEEEEING.
 37238 | Vaults:3 | 37238 ||| FLEEEEING.
 37239 | Vaults:3 | 37239 ||| FLEEEEING.
 37246 | Vaults:3 | 37246 ||| FLEEEEING.
 37247 | Vaults:3 | 37247 ||| FLEEEEING.
 37259 | Vaults:3 | 37259 ||| FLEEEEING.
 37260 | Vaults:3 | 37260 ||| FLEEEEING.
 37261 | Vaults:3 | 37261 ||| FLEEEEING.
 37537 | Vaults:3 | Noticed Nikola
 37538 | Vaults:3 | 37538 ||| Stepping ~*~*~tactically~*~*~ (stealth).
 37539 | Vaults:3 | 37539 ||| Stepping ~*~*~tactically~*~*~ (stealth).
 37542 | Vaults:3 | 37542 ||| Stepping ~*~*~tactically~*~*~ (hiding).
 37544 | Vaults:3 | 37544 ||| Stepping ~*~*~tactically~*~*~ (hiding).
 37554 | Vaults:3 | 37554 ||| Stepping ~*~*~tactically~*~*~ (hiding).
 37566 | Vaults:3 | 37566 ||| INVOKING Heroism.
 37573 | Vaults:3 | HP: 18/137 [Nikola/arc of chain lightning (59)]
 37574 | Vaults:3 | 37574 ||| READING 20 scrolls of teleportation.
 37574 | Vaults:3 | Killed from afar by Nikola

Levels and vault maps discovered:
D:1:      amcnicky_arrival_abandoned_market, layout_basic,
          ebering_ecumenical_altar_petrified, dreamdust_mushroom_princess
D:2:      minmay_door_path, layout_rooms, serial_shops, nicolae_shop_waterfront,
          uniq_terence, uniq_natasha
D:3:      layout_basic, portal_sewer_entry_b, nicolae_shop_vocational
D:4:      layout_basic
D:5:      layout_cave_pods, kennysheep_little_box, serial_shops,
          kennysheep_mini, uniq_pikel, uniq_duvessa
D:6:      layout_cave_pods, nicolae_uskayaw_dance_hall, serial_shops,
          nicolae_square_shop, shop, shop, shop, shop_fountains
D:7:      old_forge, layout_loops_ring, mainiacjoe_overflow_small_starburst,
          makhleb_heckhound_becter, minmay_temple_entry_stoned_glass
D:8:      layout_gridville, uniq_maurice
D:9:      layout_loops_ring, mainiacjoe_overflow_cross_hatched, okawaru_humans,
          mainiacjoe_overflow_concentric_impassable, kennysheep_mini_moat,
          serial_ice, serial_ice_n, serial_ice_m, serial_ice_f, serial_ice_k,
          guppyfry_early_elven_hall
D:10:     layout_loops_ring, grunt_dithmenos_smoke, orc_0_dummy, enter_bailey_7,
          minmay_guarded_unrand_staff_of_olgreb
D:11:     layout_roguey [special_room_orc], lair_entry_dummy, serial_shops,
          shop, nicolae_take_the_stairs, nicolae_stop_n_shop_1, shop,
          nicolae_shop_statue_plus, nicolae_diode_stairs
D:12:     layout_roguey, portal_ice_cave_rime, bh_walls_and_bars
D:13:     layout_loops_ring, grunt_vaults_entry_tiered, roderic_serpentine_path
D:14:     layout_roguey, nicolae_water_bricks, serial_shops,
          nicolae_shop_overgrown_old_shop, chequers_mini_garden,
          serial_bayou_pond_b, uniq_kirke
D:15:     grunt_enter_depths_hoard, layout_irregular_city,
          ebering_ghost_rock_garden, hangedman_decor_peaks_small,
          nicolae_tso_swordbearing_angel, uniq_agnes
Lair:1:   hellmonk_destroyed_diamonds, layout_gridlike, roderic_batcave,
          minmay_holes, beast_lair_carwin_1, grunt_megastairs_2
Lair:2:   layout_layer_cave, minmay_swamp_entry_worms, basic_altar,
          chequers_serial_rivers_small_b, uniq_amaemon
Lair:3:   nzn_winding_woodlands_stair_cross [nzn_winding_woodlands_5x15_zeroes,
          nzn_winding_woodlands_center_pierced_h,
          nzn_winding_woodlands_5x15_longhouse, nzn_winding_woodlands_hourglass,
          nzn_winding_woodlands_5x5_perimeter,
          nzn_winding_woodlands_5x15_default,
          nzn_winding_woodlands_center_triple_pond,
          nzn_winding_woodlands_5x15_twine], layout_regular_city,
          minmay_snake_entry_guardpost_medium, lemuel_fruit_tree
Lair:4:   layout_loops_ring, uniq_snorg
Lair:5:   guppyfry_lair_end_dragon, layout_long_grid,
          hangedman_lair_tendril_chambers, minmay_slime_entry_pillars,
          wad_woods_03, uniq_rupert
Swamp:1:  layout_basic_swamp, evilmike_swamp_ruin_house_1,
          infiniplex_staircase_pool
Swamp:2:  layout_falls_marsh, evilmike_swamp_ruin_rubble_1
Swamp:3:  layout_falls_marsh, gammafunk_ghost_cemetery,
          evilmike_swamp_ruin_house_5
Swamp:4:  byrel_swamp_growth_death_and_undeath, layout_basic_swamp, swamp_pool4
Snake:1:  layout_onion, ebering_ghost_rock_garden, statue_in_the_mist_lemuel,
          uniq_aizul, uniq_roxanne
Snake:2:  layout_grid_shapes, minmay_shop_star
Snake:3:  layout_chambers, gammafunk_ghost_wrathful_warriors, serial_shops, shop
Orc:1:    layout_caves, basic_altar
Orc:2:    st_orc_congregation, layout_diamond_mine, serial_shops,
          bzr_entry_water, nicolae_shop_hallway_stairs, minmay_orc_temple_b,
          uniq_jorgrun
Vaults:1: advil_vaults_ghost_guards, vaults_mumra_minichess,
          nicolae_vaults_quartermaster, grunt_vaults_trifunnel,
          hangedman_vaults_trim, ontoclasm_vaults_eye,
          nicolae_vaults_what_the_h, grunt_vaults_diagonal,
          ontoclasm_vaults_twist, vaults_room_octagon,
          hangedman_vaults_capsules, layout_vaults_omnicross
Vaults:2: ontoclasm_vaults_ring_small, v_misc_1, vaults_standard_mumra_lines,
          door_vault, minmay_crypt_entry_vampire_xt, v_misc_23, v_alt_pattern_5,
          ontoclasm_vaults_ring_square, vaults_room_semicircle,
          vaults_room_pool, hangedman_vaults_slice, layout_vaults_maze_snakey
Vaults:3: grunt_vaults_twisty, v_misc_3, nicolae_vaults_windows_and_doors_thing,
          ontoclasm_vaults_decontamination, v_misc_26,
          nicolae_vaults_little_squares_3, hangedman_vaults_stream,
          ontoclasm_vaults_idyll, nicolae_vaults_mini_display_case,
          grunt_vaults_hallway_short, vaults_dpeg_diagonal,
          nicolae_vaults_display_case, grunt_vaults_focal,
          layout_vaults_omnibox, serial_shops, nicolae_shop_behind_doors,
          uniq_nikola, uniq_donald, uniq_frederick

Skill      XL: |  1  2  3  4  5  6  7  8  9 10 11 12 13 14 15 16 17 18 19 20 |
---------------+-------------------------------------------------------------+-----
Axes           | 2 3 4 5 6 7 8 10 11 12 13 14 16 | 16.0
Shields        | 4 5 6 8 9 10 11 12 13 14 15 18 19 20 | 20.0
Fighting       | 4 6 8 9 10 11 12 14 16 17 18 | 18.9
Dodging        | 4 5 |  5.0
Throwing       | 2 3 4 5 6 7 8 10 | 10.0
Armour         | 4 5 6 9 10 11 12 14 15 17 18 | 18.0
Invocations    | 4 6 10 | 10.0

Action                   |  1- 3 |  4- 6 |  7- 9 | 10-12 | 13-15 | 16-18 | 19-21 || total
-------------------------+-------+-------+-------+-------+-------+-------+-------++-------
Melee: War axe           |    49 |   226 |   159 |   506 |   964 |  1459 |   836 ||  4199
       Hand axe          |       |       |    88 |    36 |       |       |       ||   124
       Morningstar       |       |       |       |    11 |     2 |       |       ||    13
       Demon whip        |       |       |       |       |    36 |       |       ||    36
Throw: Javelin           |       |       |    41 |    23 |   104 |    58 |    29 ||   255
       Boomerang         |       |       |       |    29 |    73 |   123 |    35 ||   260
Invok: Heroism           |       |       |       |    13 |    43 |    59 |    22 ||   137
       Finesse           |       |       |       |       |    11 |    15 |     4 ||    30
  Use: Scroll            |     2 |     7 |     8 |    11 |     2 |     7 |     2 ||    39
       Potion            |       |     1 |     2 |     2 |     2 |     1 |       ||     8
 Stab: Distracted        |       |       |       |       |     1 |     1 |       ||     2
       Confused          |       |       |       |       |       |     1 |       ||     1
Armor: Scale mail        |    18 |    77 |       |       |       |       |       ||    95
       Chain mail        |       |    46 |   147 |   302 |       |       |       ||   495
       Plate armour      |       |       |       |    83 |   462 |   989 |   306 ||  1840
Dodge: Dodged            |    22 |    55 |    61 |   203 |   197 |   420 |   130 ||  1088
Block: Buckler           |     4 |       |       |       |       |       |       ||     4
       Kite shield       |     9 |    95 |   100 |   324 |   421 |   560 |       ||  1509
       Reflection        |       |       |       |       |       |    61 |    24 ||    85
       Tower shield      |       |       |       |       |       |   740 |   776 ||  1516

Table legend:
 A = Non-vault XP
 B = Vault XP
 C = Vault XP percentage of total XP
 D = Non-vault monster count
 E = Vault monster count
 F = Vault count percentage of total count
                 A         B        C        D         E       F
            +---------+---------+-------+---------+---------+-------
      Total |  300476 |  169197 |  36.0 |     861 |     456 |  34.6
            +---------+---------+-------+---------+---------+-------
        D:1 |      24 |       0 |   0.0 |      15 |       0 |   0.0
        D:2 |     115 |      72 |  38.5 |      18 |       5 |  21.7
        D:3 |      46 |      21 |  31.3 |      14 |       7 |  33.3
        D:4 |     257 |       0 |   0.0 |      23 |       0 |   0.0
        D:5 |     431 |     749 |  63.5 |      14 |       2 |  12.5
        D:6 |     531 |       0 |   0.0 |      18 |       0 |   0.0
        D:7 |    1281 |     408 |  24.2 |      29 |       9 |  23.7
        D:8 |    2051 |     613 |  23.0 |      33 |       2 |   5.7
        D:9 |    3729 |    1903 |  33.8 |      28 |      11 |  28.2
       D:10 |    3857 |      45 |   1.2 |       9 |       4 |  30.8
       D:11 |    3416 |    1784 |  34.3 |      11 |      24 |  68.6
       D:12 |    7125 |     752 |   9.5 |      28 |       2 |   6.7
       D:13 |    9863 |    7727 |  43.9 |      24 |      25 |  51.0
       D:14 |    8989 |    2390 |  21.0 |      18 |       5 |  21.7
       D:15 |   13388 |    3210 |  19.3 |      34 |       3 |   8.1
     Lair:1 |    5739 |     587 |   9.3 |      25 |      14 |  35.9
     Lair:2 |    6189 |    1920 |  23.7 |      24 |       6 |  20.0
     Lair:3 |    9254 |   10310 |  52.7 |      35 |      31 |  47.0
     Lair:4 |    4965 |     965 |  16.3 |      15 |       1 |   6.2
     Lair:5 |   13047 |   18814 |  59.1 |      32 |      64 |  66.7
    Swamp:1 |   14491 |       0 |   0.0 |      23 |       0 |   0.0
    Swamp:2 |   17223 |       0 |   0.0 |      33 |       0 |   0.0
    Swamp:3 |    4036 |       0 |   0.0 |       9 |       0 |   0.0
    Swamp:4 |    9214 |   26208 |  74.0 |      16 |      41 |  71.9
    Snake:1 |   15541 |    2547 |  14.1 |      30 |       2 |   6.2
    Snake:2 |   11046 |       0 |   0.0 |      28 |       0 |   0.0
    Snake:3 |   18022 |       0 |   0.0 |      37 |       0 |   0.0
      Orc:1 |    2582 |       0 |   0.0 |      30 |       0 |   0.0
      Orc:2 |    4859 |   13374 |  73.4 |      37 |      83 |  69.2
   Vaults:1 |   39478 |   27331 |  40.9 |      60 |      43 |  41.7
   Vaults:2 |   26895 |   18979 |  41.4 |      43 |      29 |  40.3
   Vaults:3 |   31046 |   28406 |  47.8 |      44 |      31 |  41.3
    Abyss:2 |    5211 |       0 |   0.0 |      14 |       0 |   0.0
    Abyss:3 |    6535 |       0 |   0.0 |      10 |       0 |   0.0
      Sewer |       0 |      82 | 100.0 |       0 |      12 | 100.0
            +---------+---------+-------+---------+---------+-------
